Workbook

Sheet PPTO CD BV LA ESTRELLA
C3: Código | D3: CCE-EICP-FM-14 | E3: Versión | F3: 2
C4: FORMULARIO 1
C5: PRESUPUESTO - COSTO DIRECTO
C6: [Las Entidades Estatales deben usar el presente formulario para determinar el Presupuesto Oficial del Proceso de Contratación y solo pueden modificar o ajustar aquello que en este se permite expresamente] [El presente formulario aplica para los procesos de contratación que tengan como forma de pago precios unitarios. Tratándose de otras modalidades de precio, la Entidad debe ajustarlo cuando corresponde a: precio global, llave en mano, administración delegada, reembolso de gastos o cualquier otra forma de precio.]
C8: Adicionalmente, cuando el proceso de contratación es estructurado por precios unitarios, la Entidad debe aplicar las notas 1, 2 y 3 del presente formulario y las casillas de "Descripción", "Porcentaje" de la Administración, Imprevisto, Utilidad y total A.I.U. resaltadas en color amarillo. Tratándose de otras modalidades de precio, la Entidad puede o no configurar los mismos aspectos.
C9: MEJORAMIENTO DEL ESPACIO PUBLICO MEDIANTE LA CONSTRUCCION DE BULEVARES BARRIO LA ESTRELLA DE LA CIUDAD DE MANIZALES
C10: LOCALIZADO ENTRE LA CALLE 62 Y CRA 24A Y ENTRE CALLE 58 Y CRA 23 A
C11: No. | D11: ITEM DE PAGO | E11: ESPECIFICACIONES | G11: DESCRIPCION | H11: UND. | I11: CANTIDAD | J11: VALOR UNITARIO | K11: VALOR TOTAL
C12: 1 | G12: PRELIMINARES | K12: =SUM(K13:K24) -> 641668611
C13: 1.01 | D13: 001.085 | G13: =VLOOKUP(D13,[1]Actividades!$A$8:$E$2745,2,FALSE) -> LOCALIZACION Y REPLANTEO DE VIAS incluye eje de via y laterales con andenes | H13: =VLOOKUP(D13,[1]Actividades!$A$8:$E$2745,4,FALSE) -> ML | I13: 1674 | J13: =VLOOKUP(D13,[1]Actividades!$A$8:$E$2745,5,FALSE) -> 4750 | K13: =IFERROR(ROUND(I13*J13,0),0) -> 7951500
C14: 1.02 | D14: 001.001 | G14: =VLOOKUP(D14,[1]Actividades!$A$8:$E$2745,2,FALSE) -> LOCALIZACION Y REPLANTEO PLAZOLETA | H14: =VLOOKUP(D14,[1]Actividades!$A$8:$E$2745,4,FALSE) -> M2 | I14: 338 | J14: =VLOOKUP(D14,[1]Actividades!$A$8:$E$2745,5,FALSE) -> 4726 | K14: =IFERROR(ROUND(I14*J14,0),0) -> 1597388
C15: 1.03 | D15: 029.007 | G15: =VLOOKUP(D15,[1]Actividades!$A$8:$E$2745,2,FALSE) -> DEMOLICIÓN DE ANDENES EN CONCRETO HIDRÁULICO - INCLUYE CARGUE A MANO, RETIRO Y DISPOSICIÓN EN BOTADERO | H15: =VLOOKUP(D15,[1]Actividades!$A$8:$E$2745,4,FALSE) -> M3 | I15: 660 | J15: =VLOOKUP(D15,[1]Actividades!$A$8:$E$2745,5,FALSE) -> 116870 | K15: =IFERROR(ROUND(I15*J15,0),0) -> 77134200
C16: 1.04 | D16: 029.007A | G16: =VLOOKUP(D16,[1]Actividades!$A$8:$E$2745,2,FALSE) -> DEMOLICIÓN DE SARDINELES EN CONCRETO HIDRÁULICO - INCLUYE CARGUE A MANO, RETIRO Y DISPOSICIÓN EN BOTADERO | H16: =VLOOKUP(D16,[1]Actividades!$A$8:$E$2745,4,FALSE) -> M3 | I16: 283 | J16: =VLOOKUP(D16,[1]Actividades!$A$8:$E$2745,5,FALSE) -> 116870 | K16: =IFERROR(ROUND(I16*J16,0),0) -> 33074210
C17: 1.05 | D17: 029.013 | G17: =VLOOKUP(D17,[1]Actividades!$A$8:$E$2745,2,FALSE) -> DEMOLICION MECANICA DE PAVIMENTO CONCRETO ASFALTICO. INCLUYE RETIRO Y DISPOSICION EN SITIO AUTORIZADO | H17: =VLOOKUP(D17,[1]Actividades!$A$8:$E$2745,4,FALSE) -> M3 | I17: 417 | J17: =VLOOKUP(D17,[1]Actividades!$A$8:$E$2745,5,FALSE) -> 103479 | K17: =IFERROR(ROUND(I17*J17,0),0) -> 43150743
C18: 1.06 | D18: 002.001 | G18: =VLOOKUP(D18,[1]Actividades!$A$8:$E$2745,2,FALSE) -> EXCAVACIÓN EN ZANJA - MATERIAL COMÚN - 0.0 A 2.0 M | H18: =VLOOKUP(D18,[1]Actividades!$A$8:$E$2745,4,FALSE) -> M3 | I18: 3321 | J18: =VLOOKUP(D18,[1]Actividades!$A$8:$E$2745,5,FALSE) -> 36872 | K18: =IFERROR(ROUND(I18*J18,0),0) -> 122451912
C19: 1.07 | D19: 002.016 | G19: =VLOOKUP(D19,[1]Actividades!$A$8:$E$2745,2,FALSE) -> EXCAVACIÓN A CIELO ABIERTO - MATERIAL COMÚN - 0.0 A 2.0 M | H19: =VLOOKUP(D19,[1]Actividades!$A$8:$E$2745,4,FALSE) -> M3 | I19: 1196 | J19: =VLOOKUP(D19,[1]Actividades!$A$8:$E$2745,5,FALSE) -> 40032 | K19: =IFERROR(ROUND(I19*J19,0),0) -> 47878272
C20: 1.08 | D20: 002.039 | G20: =VLOOKUP(D20,[1]Actividades!$A$8:$E$2745,2,FALSE) -> EXCAVACION MECANICA EN MATERIAL COMUN | H20: =VLOOKUP(D20,[1]Actividades!$A$8:$E$2745,4,FALSE) -> M3 | I20: 1252 | J20: =VLOOKUP(D20,[1]Actividades!$A$8:$E$2745,5,FALSE) -> 60922 | K20: =IFERROR(ROUND(I20*J20,0),0) -> 76274344
C21: 1.09 | D21: 002.089 | G21: =VLOOKUP(D21,[1]Actividades!$A$8:$E$2745,2,FALSE) -> RETIRO DE MATERIAL SOBRANTE EN VOLQUETA, CARGUE MANUAL, DISPOSICIÓN EN BOTADERO (HASTA 25 KM) | H21: =VLOOKUP(D21,[1]Actividades!$A$8:$E$2745,4,FALSE) -> M3-Suelto | I21: 5559 | J21: =VLOOKUP(D21,[1]Actividades!$A$8:$E$2745,5,FALSE) -> 40777 | K21: =IFERROR(ROUND(I21*J21,0),0) -> 226679343
C22: 1.1 | G22: DESMONTE DE BANCAS METALICAS Y LISTONES DE MADERA | H22: und | I22: 10 | J22: 135000 | K22: =IFERROR(ROUND(I22*J22,0),0) -> 1350000
C23: 1.11 | D23: 028.094 | G23: =VLOOKUP(D23,[1]Actividades!$A$8:$E$2745,2,FALSE) -> RETIRO DE SEÑALES VERTICALES ANCLADAS EN ANDEN, ZONA VERDE O ADOSADAS A POSTE EXISTENTE O PARED (INCLUYE PEDESTAL Y TABLERO) CON ENTREGA A LA SDM (INCLUYE SEÑALES SENCILLAS Y DUPLEX) | H23: =VLOOKUP(D23,[1]Actividades!$A$8:$E$2745,4,FALSE) -> UND | I23: 19 | J23: =VLOOKUP(D23,[1]Actividades!$A$8:$E$2745,5,FALSE) -> 69789 | K23: =IFERROR(ROUND(I23*J23,0),0) -> 1325991
C24: 1.12 | D24: 021.024 | G24: =VLOOKUP(D24,[1]Actividades!$A$8:$E$2745,2,FALSE) -> SUMINISTRO, TRANSPORTE E INSTALACION EMPRADIZACIÓN CON BLOQUES DE CÉSPED | H24: =VLOOKUP(D24,[1]Actividades!$A$8:$E$2745,4,FALSE) -> M2 | I24: 158 | J24: =VLOOKUP(D24,[1]Actividades!$A$8:$E$2745,5,FALSE) -> 17726 | K24: =IFERROR(ROUND(I24*J24,0),0) -> 2800708
C25: 2 | G25: BASES Y PAVIMENTOS | K25: =SUM(K26:K37) -> 1772116735
C26: 2.01 | D26: 002A.022 | G26: =VLOOKUP(D26,[1]Actividades!$A$8:$E$2745,2,FALSE) -> SUSTITUCION EN ARENA LIMPIA | H26: =VLOOKUP(D26,[1]Actividades!$A$8:$E$2745,4,FALSE) -> M3 | I26: 231 | J26: =VLOOKUP(D26,[1]Actividades!$A$8:$E$2745,5,FALSE) -> 126458 | K26: =IFERROR(ROUND(I26*J26,0),0) -> 29211798
C27: 2.02 | D27: 002.049 | G27: =VLOOKUP(D27,[1]Actividades!$A$8:$E$2745,2,FALSE) -> RELLENO EN MATERIAL SELECCIONADO PROVENIENTE DE LA EXCAVACION (APISONADO) | H27: =VLOOKUP(D27,[1]Actividades!$A$8:$E$2745,4,FALSE) -> M3 | I27: 3346 | J27: =VLOOKUP(D27,[1]Actividades!$A$8:$E$2745,5,FALSE) -> 42053 | K27: =IFERROR(ROUND(I27*J27,0),0) -> 140709338
C28: 2.03 | D28: 004.013 | G28: =VLOOKUP(D28,[1]Actividades!$A$8:$E$2745,2,FALSE) -> SUMINISTRO, TRANSPORTE E INSTALACION AFIRMADO COMPACTADO PARA ESTRUCTURAS | H28: =VLOOKUP(D28,[1]Actividades!$A$8:$E$2745,4,FALSE) -> M3 | I28: 1038 | J28: =VLOOKUP(D28,[1]Actividades!$A$8:$E$2745,5,FALSE) -> 136601 | K28: =IFERROR(ROUND(I28*J28,0),0) -> 141791838
C29: 2.04 | D29: 004.005 | G29: =VLOOKUP(D29,[1]Actividades!$A$8:$E$2745,2,FALSE) -> SUMINISTRO, TRANSPORTE E INSTALACION SUB BASE COMPACTADA CON RANA | H29: =VLOOKUP(D29,[1]Actividades!$A$8:$E$2745,4,FALSE) -> M3 | I29: 266 | J29: =VLOOKUP(D29,[1]Actividades!$A$8:$E$2745,5,FALSE) -> 197034 | K29: =IFERROR(ROUND(I29*J29,0),0) -> 52411044
C30: 2.05 | D30: 033.117 | G30: =VLOOKUP(D30,[1]Actividades!$A$8:$E$2745,2,FALSE) -> SUMINISTRO, TRANSPORTE E INSTALACION PAVIMENTO EN CONCRETO PREMEZCLADO MR 42 | H30: =VLOOKUP(D30,[1]Actividades!$A$8:$E$2745,4,FALSE) -> M3 | I30: 235 | J30: =VLOOKUP(D30,[1]Actividades!$A$8:$E$2745,5,FALSE) -> 1049621 | K30: =IFERROR(ROUND(I30*J30,0),0) -> 246660935
C31: 2.06 | D31: 023.045 | G31: =VLOOKUP(D31,[1]Actividades!$A$8:$E$2745,2,FALSE) -> CANASTILLA DE SOPORTE DE DOVELAS EN HIERRO 3/8" Y 1/4" | H31: =VLOOKUP(D31,[1]Actividades!$A$8:$E$2745,4,FALSE) -> ML | I31: 259 | J31: =VLOOKUP(D31,[1]Actividades!$A$8:$E$2745,5,FALSE) -> 16503 | K31: =IFERROR(ROUND(I31*J31,0),0) -> 4274277
C32: 2.07 | D32: 023.046 | G32: =VLOOKUP(D32,[1]Actividades!$A$8:$E$2745,2,FALSE) -> DOVELAS DE ACERO LISO 60000 PSI PARA PAVIMENTOS | H32: =VLOOKUP(D32,[1]Actividades!$A$8:$E$2745,4,FALSE) -> KG | I32: 264 | J32: =VLOOKUP(D32,[1]Actividades!$A$8:$E$2745,5,FALSE) -> 14923 | K32: =IFERROR(ROUND(I32*J32,0),0) -> 3939672
C33: 2.08 | D33: 023.034 | G33: =VLOOKUP(D33,[1]Actividades!$A$8:$E$2745,2,FALSE) -> CORTE MECANIZADO DE PAVIMENTO A=5 mm profundidad un tercio del espesor | H33: =VLOOKUP(D33,[1]Actividades!$A$8:$E$2745,4,FALSE) -> ML | I33: 1616 | J33: =VLOOKUP(D33,[1]Actividades!$A$8:$E$2745,5,FALSE) -> 10064 | K33: =IFERROR(ROUND(I33*J33,0),0) -> 16263424
C34: 2.09 | D34: 023.036 | G34: =VLOOKUP(D34,[1]Actividades!$A$8:$E$2745,2,FALSE) -> SUMINISTRO, TRANSPORTE E INSTALACION SELLO DE JUNTA DE PAVIMENTO RIGIDO 5mm | H34: =VLOOKUP(D34,[1]Actividades!$A$8:$E$2745,4,FALSE) -> ML | I34: 6843 | J34: =VLOOKUP(D34,[1]Actividades!$A$8:$E$2745,5,FALSE) -> 12042 | K34: =IFERROR(ROUND(I34*J34,0),0) -> 82403406
C35: 2.1 | D35: 023.002 | G35: =VLOOKUP(D35,[1]Actividades!$A$8:$E$2745,2,FALSE) -> SUMINISTRO, TRANSPORTE E INSTALACION IMPRIMACION CON EMULSION ASFALTICA | H35: =VLOOKUP(D35,[1]Actividades!$A$8:$E$2745,4,FALSE) -> M2 | I35: 7733 | J35: =VLOOKUP(D35,[1]Actividades!$A$8:$E$2745,5,FALSE) -> 6037 | K35: =IFERROR(ROUND(I35*J35,0),0) -> 46684121
C36: 2.11 | D36: 023.004 | G36: =VLOOKUP(D36,[1]Actividades!$A$8:$E$2745,2,FALSE) -> SUMINISTRO, TRANSPORTE E INSTALACION MEZCLA ASFALTICA TIPO MDC-19. Extendido mecánico y compactado | H36: =VLOOKUP(D36,[1]Actividades!$A$8:$E$2745,4,FALSE) -> M3 | I36: 642 | J36: =VLOOKUP(D36,[1]Actividades!$A$8:$E$2745,5,FALSE) -> 1330695 | K36: =IFERROR(ROUND(I36*J36,0),0) -> 854306190
C37: 2.12 | D37: 023.067 | G37: =VLOOKUP(D37,[1]Actividades!$A$8:$E$2745,2,FALSE) -> SUMINISTRO, TRANSPORTE E INSTALACIÓN DE GEOMALLA BIAXIAL DE RESISTENCIA A LA CARGA CÍCLICA DE 800 KN/M INSTALADA EN LA MITAD DE LA CARPETA ASFALTICA | H37: =VLOOKUP(D37,[1]Actividades!$A$8:$E$2745,4,FALSE) -> M2 | I37: 7308 | J37: =VLOOKUP(D37,[1]Actividades!$A$8:$E$2745,5,FALSE) -> 20999 | K37: =IFERROR(ROUND(I37*J37,0),0) -> 153460692
C38: 3 | G38: ANDENES Y SARDINELES | K38: =SUM(K39:K43) -> 1603744422
C39: 3.01 | D39: 021.088 | G39: =VLOOKUP(D39,[1]Actividades!$A$8:$E$2745,2,FALSE) -> CONSTRUCCION DE SARDINEL PARA CONFORMACION DE ANDENES H= HASTA 25 CM CHAFLANADO ENTRE A=10 CM Y 15 CM, INCLUYE REF LONG 2 VARILLAS DE 3/8", FLEJES TRANSVERSALES DE 1/4" CADA 15 CM ANCLADOS A PAVIMENTO (INCLUYE ANCLAJES EPOXICOS) | H39: =VLOOKUP(D39,[1]Actividades!$A$8:$E$2745,4,FALSE) -> ML | I39: 3852 | J39: =VLOOKUP(D39,[1]Actividades!$A$8:$E$2745,5,FALSE) -> 124172 | K39: =IFERROR(ROUND(I39*J39,0),0) -> 478310544
C40: 3.02 | G40: SUMINISTRO, TRANSPORTE E INSTALACION ANDEN CONCRETO 3000 PSI E= 0.08M. ACABADO: ESCOBIADO o PALETEADO, DILATADO SEGÚN DISEÑO | H40: M2 | I40: 9927 | J40: 92500 | K40: =IFERROR(ROUND(I40*J40,0),0) -> 918247500
C41: 3.03 | D41: 021A.051 | F41: Guía | G41: =VLOOKUP(D41,[1]Actividades!$A$8:$E$2745,2,FALSE) -> SUMINISTRO, TRANSPORTE E INSTALACION LOSETA 20x20cm TACTIL / GUIA-ALERTA PREFABRICADA EN CONCRETO GRIS O COLOR. | H41: =VLOOKUP(D41,[1]Actividades!$A$8:$E$2745,4,FALSE) -> ML | I41: 3324 | J41: =VLOOKUP(D41,[1]Actividades!$A$8:$E$2745,5,FALSE) -> 37265 | K41: =IFERROR(ROUND(I41*J41,0),0) -> 123868860
C42: 3.04 | D42: 021A.051 | F42: Alerta | G42: =VLOOKUP(D42,[1]Actividades!$A$8:$E$2745,2,FALSE) -> SUMINISTRO, TRANSPORTE E INSTALACION LOSETA 20x20cm TACTIL / GUIA-ALERTA PREFABRICADA EN CONCRETO GRIS O COLOR. | H42: =VLOOKUP(D42,[1]Actividades!$A$8:$E$2745,4,FALSE) -> ML | I42: 414 | J42: =VLOOKUP(D42,[1]Actividades!$A$8:$E$2745,5,FALSE) -> 37265 | K42: =IFERROR(ROUND(I42*J42,0),0) -> 15427710
D43: 033.122 | E43: 0 | F43: 0 | G43: SUMINISTRO, TRANSPORTE E INSTALACION DE RAMPAS Y BADOS PEATONALES CONCRETO PRODUCIDO EN OBRA 3000 PSI ACABADO: ESCOBIADO | H43: M3 | I43: 63 | J43: 1077616 | K43: =IFERROR(ROUND(I43*J43,0),0) -> 67889808
C44: 4 | G44: CICLOBANDA, DEMARCACION Y SEÑALIZACION | K44: =SUM(K45:K52) -> 401785786
C45: 4.01 | D45: 012.083 | G45: =VLOOKUP(D45,[1]Actividades!$A$8:$E$2745,2,FALSE) -> SUMINISTRO, TRANSPORTE E INSTALACIÓN DE RECUBRIMIENTO ACRÍLICO SINTÉTICO ACRYTECH STEGASS SOBRE PLACAS DE CONCRETO. Incluye una capa de acrilyc resurfer con arena de cuarzo, una capa de acrytech color con arena de cuarzo y una capa de acrytech color sin arena de cuarzo. Incluye demarcación de lineas perimetrales, centrales y demás). | H45: =VLOOKUP(D45,[1]Actividades!$A$8:$E$2745,4,FALSE) -> M2 | I45: 825 | J45: =VLOOKUP(D45,[1]Actividades!$A$8:$E$2745,5,FALSE) -> 79591 | K45: =IFERROR(ROUND(I45*J45,0),0) -> 65662575
C46: 4.02 | D46: 023.062 | G46: =VLOOKUP(D46,[1]Actividades!$A$8:$E$2745,2,FALSE) -> SUMINISTRO, TRANSPORTE E INSTALACION TACHONES 40x15x8cm | H46: =VLOOKUP(D46,[1]Actividades!$A$8:$E$2745,4,FALSE) -> UND | I46: 1802 | J46: =VLOOKUP(D46,[1]Actividades!$A$8:$E$2745,5,FALSE) -> 69717 | K46: =IFERROR(ROUND(I46*J46,0),0) -> 125630034
C47: 4.03 | D47: 023.061 | G47: =VLOOKUP(D47,[1]Actividades!$A$8:$E$2745,2,FALSE) -> SUMINISTRO, TRANSPORTE E INSTALACION TACHAS REFLECTIVAS. | H47: =VLOOKUP(D47,[1]Actividades!$A$8:$E$2745,4,FALSE) -> UND | I47: 565 | J47: =VLOOKUP(D47,[1]Actividades!$A$8:$E$2745,5,FALSE) -> 14004 | K47: =IFERROR(ROUND(I47*J47,0),0) -> 7912260
C48: 4.04 | D48: 023.064 | G48: =VLOOKUP(D48,[1]Actividades!$A$8:$E$2745,2,FALSE) -> SUMINISTRO, TRANSPORTE E INSTALACION HITOS REFLECTIVOS | H48: =VLOOKUP(D48,[1]Actividades!$A$8:$E$2745,4,FALSE) -> UND | I48: 516 | J48: =VLOOKUP(D48,[1]Actividades!$A$8:$E$2745,5,FALSE) -> 92144 | K48: =IFERROR(ROUND(I48*J48,0),0) -> 47546304
C49: 4.05 | G49: BANDA PLASTICA DE SEÑALIZACION SEGÚN NORMA CS-273 | H49: ML | I49: 1974 | J49: 3600 | K49: =IFERROR(ROUND(I49*J49,0),0) -> 7106400
C50: 4.06 | D50: 023.048 | G50: SUMINISTRO, TRANSPORTE E INSTALACION DEMARCACION PASOS PEATONALES, LINEAS DE PARE, SIMBOLOS, TEXTOS Y OTRAS, CON PINTURA PLASTICO EN FRIO METODO LLANA | H50: M2 | I50: 793 | J50: 73551 | K50: =IFERROR(ROUND(I50*J50,0),0) -> 58325943
C51: 4.07 | D51: 023.049 | G51: =VLOOKUP(D51,[1]Actividades!$A$8:$E$2745,2,FALSE) -> SUMINISTRO, TRANSPORTE E INSTALACION DEMARCACION LINEAS CENTRALES CON PINTURA PLÁSTICA EN FRIO APLICADA CON VEHICULO (DE BORDE, DE CARRIL Y OTRAS (Ancho 12cms) | H51: =VLOOKUP(D51,[1]Actividades!$A$8:$E$2745,4,FALSE) -> ML | I51: 4366 | J51: =VLOOKUP(D51,[1]Actividades!$A$8:$E$2745,5,FALSE) -> 8593 | K51: =IFERROR(ROUND(I51*J51,0),0) -> 37517038
C52: 4.08 | D52: 023.058 | G52: =VLOOKUP(D52,[1]Actividades!$A$8:$E$2745,2,FALSE) -> SUMINISTRO E INSTALACIÓN DE SEÑAL VERTICAL SR o SP GRADO DIAMANTE (60cms x 60cms),CON POSTE | H52: =VLOOKUP(D52,[1]Actividades!$A$8:$E$2745,4,FALSE) -> UND | I52: 114 | J52: =VLOOKUP(D52,[1]Actividades!$A$8:$E$2745,5,FALSE) -> 456888 | K52: =IFERROR(ROUND(I52*J52,0),0) -> 52085232
C53: 5 | G53: SIEMBRA Y ORNAMENTACIÓN | K53: =SUM(K54:K59) -> 202603718
C54: 5.01 | D54: 032.324 | G54: =VLOOKUP(D54,[1]Actividades!$A$8:$E$2745,2,FALSE) -> SUMINISTRO, TRANSPORTE E INSTALACIÓN DE CONTENEDOR DE RAICES TIPO B20 (TIPO A) (1.2X1.2X1M. INC. SUMINISTRO, CONSTRUCCIÓN, ALCOQUE Y FILTRO EN GRAVILLA. NO INCLUYE. TIERRA). INSTALACIÓN A TODO COSTO. | H54: =VLOOKUP(D54,[1]Actividades!$A$8:$E$2745,4,FALSE) -> UND | I54: 186 | J54: =VLOOKUP(D54,[1]Actividades!$A$8:$E$2745,5,FALSE) -> 741099 | K54: =IFERROR(ROUND(I54*J54,0),0) -> 137844414
C55: 5.02 | G55: SUMINISTRO TRANSPORTE E INSTALACION DE TIERRA NEGRA PARA SIEMBRA DE ARBOLES | H55: M3 | I55: 131 | J55: 75000 | K55: =IFERROR(ROUND(I55*J55,0),0) -> 9825000
C56: 5.03 | D56: 021.025 | F56: CALISTEMO | G56: =VLOOKUP(D56,[1]Actividades!A8:E2743,2,0) -> SUMINISTRO, TRANSPORTE E INSTALACION ARBOL DE GRAN PORTE H=1,50M | H56: =VLOOKUP(D56,[1]Actividades!A8:E2743,4,FALSE) -> UND | I56: 8 | J56: =VLOOKUP(D56,[1]Actividades!$A$8:$E$2745,5,FALSE) -> 298556 | K56: =IFERROR(ROUND(I56*J56,0),0) -> 2388448
C57: 5.04 | D57: 021.025 | F57: NIGÚITO | G57: =VLOOKUP(D57,[1]Actividades!A9:E2744,2,0) -> SUMINISTRO, TRANSPORTE E INSTALACION ARBOL DE GRAN PORTE H=1,50M | H57: =VLOOKUP(D57,[1]Actividades!A9:E2744,4,FALSE) -> UND | I57: 62 | J57: =VLOOKUP(D57,[1]Actividades!$A$8:$E$2745,5,FALSE) -> 298556 | K57: =IFERROR(ROUND(I57*J57,0),0) -> 18510472
C58: 5.05 | D58: 021.025 | F58: ARRAYAN MZLES | G58: =VLOOKUP(D58,[1]Actividades!A10:E2745,2,0) -> SUMINISTRO, TRANSPORTE E INSTALACION ARBOL DE GRAN PORTE H=1,50M | H58: =VLOOKUP(D58,[1]Actividades!A10:E2745,4,FALSE) -> UND | I58: 78 | J58: =VLOOKUP(D58,[1]Actividades!$A$8:$E$2745,5,FALSE) -> 298556 | K58: =IFERROR(ROUND(I58*J58,0),0) -> 23287368
C59: 5.06 | D59: 021.025 | F59: GUAYACAN AMARILLO | G59: =VLOOKUP(D59,[1]Actividades!A11:E2746,2,0) -> SUMINISTRO, TRANSPORTE E INSTALACION ARBOL DE GRAN PORTE H=1,50M | H59: =VLOOKUP(D59,[1]Actividades!A11:E2746,4,FALSE) -> UND | I59: 36 | J59: =VLOOKUP(D59,[1]Actividades!$A$8:$E$2745,5,FALSE) -> 298556 | K59: =IFERROR(ROUND(I59*J59,0),0) -> 10748016
C60: 6 | G60: SUBTERRANIZACION, INSTALACIONES ELECTRICAS | K60: =SUM(K61:K76) -> 821406164
C61: 6.01 | G61: SUMINISTRO TRANSPORTE E INSTALACION DE CAMARA 80X80X80 e=0,10m CONCRETO 3000PSI | H61: UND | I61: 85 | J61: 615000 | K61: =IFERROR(ROUND(I61*J61,0),0) -> 52275000
C62: 6.02 | G62: SUMINISTRO TRANSPORTE E INSTALACION DE CAMARA 50X50X50 e=0,10m CONCRETO 3000PSI | H62: UND | I62: 106 | J62: 434074 | K62: =IFERROR(ROUND(I62*J62,0),0) -> 46011844
C63: 6.03 | G63: SUMINISTRO TRANSPORTE E INSTALACION DE CAMARA 40X40X40 e=0,10m CONCRETO 3000PSI | H63: UND | I63: 126 | J63: 375033 | K63: =IFERROR(ROUND(I63*J63,0),0) -> 47254158
C64: 6.04 | D64: 08B.041A | G64: =VLOOKUP(D64,[1]Actividades!$A$15:$E$2750,2,0) -> SUMINISTRO E INSTALACION DE TUBERIA CONDUIT PVC 2" EN ZANJA | H64: =VLOOKUP(D64,[1]Actividades!A11:E2746,4,FALSE) -> ML | I64: 5492 | J64: =VLOOKUP(D64,[1]Actividades!A4:E2739,5,FALSE) -> 14785 | K64: =IFERROR(ROUND(I64*J64,0),0) -> 81199220
C65: 6.05 | D65: 08B.042A | G65: =VLOOKUP(D65,[1]Actividades!$A$15:$E$2750,2,0) -> SUMINISTRO E INSTALACION DE TUBERIA CONDUIT PVC DB 3" EN ZANJA | H65: =VLOOKUP(D65,[1]Actividades!A12:E2747,4,FALSE) -> ML | I65: 2956 | J65: =VLOOKUP(D65,[1]Actividades!A5:E2740,5,FALSE) -> 19408 | K65: =IFERROR(ROUND(I65*J65,0),0) -> 57370048
C66: 6.06 | D66: 08B.329 | G66: =VLOOKUP(D66,[1]Actividades!A13:E2748,2,0) -> SUMINISTRO, TRANSPORTE E INSTALACIÓN DE LUMINARIA LED SOLAR PARA ALUMBRADO PÚBLICO 100W MAS BRAZO. INCLUYE POSTE METÁLICO D = 100 MM E = 4,8 MM DE 6 METROS DE LARGO. INCLUYE PLACA BASE PARA ANCLAJE. | H66: =VLOOKUP(D66,[1]Actividades!A13:E2748,4,FALSE) -> UND | I66: 95 | J66: 1502049 | K66: =IFERROR(ROUND(I66*J66,0),0) -> 142694655
C67: 6.07 | G67: SUMINISTRO TRANSPORTE E INSTALACION PROYECTOR PISO LED 200W IP XXXXX XXXX LUMENES | H67: UND | I67: 9 | J67: =+'[1]PPTO INICIAL'!F69 -> 600000 | K67: =IFERROR(ROUND(I67*J67,0),0) -> 5400000
C68: 6.08 | D68: 26A.022 | G68: =VLOOKUP(D68,[1]Actividades!$A$15:$E$2750,2,0) -> SUMINISTRO, TRANSPORTE E INSTALACION BANCO DE DUCTO TIPO NORMA CODENSA CS 207 - Para Canalización de 2 Ø 2" Tipo DB - CRUCE CALZADA EN CONCRETO (Incluye banda plástica) | H68: =VLOOKUP(D68,[1]Actividades!A15:E2750,4,FALSE) -> ML | I68: 169 | J68: =VLOOKUP(D68,[1]Actividades!A8:E2743,5,FALSE) -> 23390 | K68: =IFERROR(ROUND(I68*J68,0),0) -> 3952910
C69: 6.09 | D69: 003.001 | G69: =VLOOKUP(D69,[1]Actividades!A16:E2751,2,0) -> SUMINISTRO, TRANSPORTE E INSTALACION CAJA DE INSPECCION 0.30*0.30*0.40 m.(INCLUYE, LADRILLO COMÚN, MARCO EN ANGULO 1 1/2 X 1 1/2 * 1/8" Y TAPA REFORZADA EN PLATINA DE 2 * 1/8" CON PARRILLA EN VARILLA 3/8 CADA 10 CM.) | H69: =VLOOKUP(D69,[1]Actividades!A16:E2751,4,FALSE) -> UND | I69: 95 | J69: =VLOOKUP(D69,[1]Actividades!A9:E2744,5,FALSE) -> 297955 | K69: =IFERROR(ROUND(I69*J69,0),0) -> 28305725
C70: 6.1 | G70: SUMINISTRO, TRANSPORTE E INSTALACION ACOMETIDA CABLE DE ALUMINIO AISLADO No 4 AWG SERIE 8000 THHN METRO (TRES CABLES X ML). INCLUYE EMPALME SILICONA PARA ALIMENTACIÓN DE LUMINARIAS | H70: ML | I70: 2535 | J70: =+'[1]PPTO INICIAL'!F72 -> 25000 | K70: =IFERROR(ROUND(I70*J70,0),0) -> 63375000
C71: 6.11 | D71: 003.005 | G71: =VLOOKUP(D71,[1]Actividades!A18:E2753,2,0) -> SUMINISTRO, TRANSPORTE E INSTALACION CAJA DE INSPECCION 1 * 1 * 1 m. (Incluye, ladrillo común, marco en angulo 2 1/2 x 2 1/2 * 3/16" y tapa reforzada en platina de 3 * 3/16" con parrilla en varilla 3/8 cada 10 cm.). | H71: =VLOOKUP(D71,[1]Actividades!A18:E2753,4,FALSE) -> UND | I71: 63 | J71: =VLOOKUP(D71,[1]Actividades!A11:E2746,5,FALSE) -> 1465708 | K71: =IFERROR(ROUND(I71*J71,0),0) -> 92339604
C72: 6.12 | G72: CONSTRUCCIÓN DE CAMARA DE 1,5 m X 1,5 m X 1,5 m SOBRE ANDEN TIPO CHEC INCLUYE TAPA, FILTRO EXCAVACIÓN Y TODO LO ESPECIFICADO POR CHEC. | H72: UND | I72: 32 | J72: =+'[1]PPTO INICIAL'!F77 -> 4250000 | K72: =IFERROR(ROUND(I72*J72,0),0) -> 136000000
C73: 6.13 | G73: SUMINISTRO TRANSPORTE E INSTALACION DE AFLORAMIENTO PARA REDES ELECTRICAS EN TUBERIA DE 2", A 2m DE LONG. | H73: UND | I73: 438 | J73: =+'[1]PPTO INICIAL'!F78 -> 70000 | K73: =IFERROR(ROUND(I73*J73,0),0) -> 30660000
C74: 6.14 | G74: SUMINISTRO TRANSPORTE E INSTALACION DE AFLORAMIENTO PARA REDES ELECTRICAS EN TUBERIA DE 4", HASTA 1 m DE LONG. | H74: UND | I74: 106 | J74: =+'[1]PPTO INICIAL'!F79 -> 95000 | K74: =IFERROR(ROUND(I74*J74,0),0) -> 10070000
C75: 6.15 | G75: SUMINISTRO TRANSPORTE E INSTALACION DE TUBERIA DE 2" PARA REDES ELECTRICAS. | H75: ML | I75: 27 | J75: =+'[1]PPTO INICIAL'!F80 -> 35200 | K75: =IFERROR(ROUND(I75*J75,0),0) -> 950400
C76: 6.17 | G76: SUMINISTRO TRANSPORTE E INSTALACION DE TUBERIA DE 4" PARA REDES ELECTRICAS | H76: ML | I76: 422 | J76: =+'[1]PPTO INICIAL'!F81 -> 55800 | K76: =IFERROR(ROUND(I76*J76,0),0) -> 23547600
C77: 7 | G77: AMOBLAMIENTO URBANO | K77: =SUM(K78:K82) -> 574763888
C78: 7.01 | D78: 033.122 | G78: =VLOOKUP(D78,[1]Actividades!A28:E2763,2,0) -> SUMINISTRO, TRANSPORTE E INSTALACION DE RAMPAS Y BADOS PEATONALES CONCRETO PRODUCIDO EN OBRA 3000 PSI ACABADO: ESCOBIADO | H78: =VLOOKUP(D78,[1]Actividades!A28:E2763,4,FALSE) -> M3 | I78: 184 | J78: =VLOOKUP(D78,[1]Actividades!A21:E2756,5,FALSE) -> 819613 | K78: =IFERROR(ROUND(I78*J78,0),0) -> 150808792
C79: 7.02 | D79: 033A.122 | G79: =VLOOKUP(D79,[1]Actividades!A29:E2764,2,0) -> SUMINISTRO, TRANSPORTE E INSTALACION DE RAMPAS Y BADOS VEHICULARES CONCRETO PRODUCIDO EN OBRA 3000 PSI ACABADO: ESCOBIADO | H79: =VLOOKUP(D79,[1]Actividades!A29:E2764,4,FALSE) -> M3 | I79: 326 | J79: =VLOOKUP(D79,[1]Actividades!A22:E2757,5,FALSE) -> 819613 | K79: =IFERROR(ROUND(I79*J79,0),0) -> 267193838
C80: 7.03 | G80: SUMINISTRO TRANSPORTE E INSTALACION DE BANCAS EN CONCRETO 1,8m X 0,5m X 0,5 m | H80: UND | I80: 17 | J80: =+'[1]PPTO INICIAL'!F87 -> 1250000 | K80: =IFERROR(ROUND(I80*J80,0),0) -> 21250000
C81: 7.04 | D81: 021.039 | G81: =VLOOKUP(D81,[1]Actividades!A31:E2766,2,0) -> SUMINISTRO, TRANSPORTE E INSTALACION BOLARDO LISO EN HF | H81: =VLOOKUP(D81,[1]Actividades!A31:E2766,4,FALSE) -> UND | I81: 131 | J81: =VLOOKUP(D81,[1]Actividades!A24:E2759,5,FALSE) -> 582218 | K81: =IFERROR(ROUND(I81*J81,0),0) -> 76270558
C82: 7.05 | D82: 032.322 | G82: =VLOOKUP(D82,[1]Actividades!A33:E2768,2,0) -> SUMINISTRO E INSTALACIÓN DE BASURERA PIVOTANTE EN ACERO INOXIDABLE TIPO EXTERIOR. INSTALACIÓN A TODO COSTO. | H82: =VLOOKUP(D82,[1]Actividades!A33:E2768,4,FALSE) -> UND | I82: 45 | J82: =VLOOKUP(D82,[1]Actividades!A26:E2761,5,FALSE) -> 1316460 | K82: =IFERROR(ROUND(I82*J82,0),0) -> 59240700
C83: 8 | G83: SUMIDEROS Y ACOMETIDAS | K83: =SUM(K84:K121) -> 518545447
C84: 8.01 | G84: SUMINISTRO, TRANSPORTE E INSTALACION BARRERA CON BOMBONES PLÁSTICOS Y CINTA DE SEGURIDAD | H84: m | I84: 350 | J84: 16907 | K84: =IFERROR(ROUND(I84*J84,0),0) -> 5917450
C85: 8.02 | G85: SUMINISTRO, TRANSPORTE E INSTALACION SEÑAL PREVENTIVA REFLECTIVA, REGLAMENTARIA E INFORMATIVA. TIPO INVIAS MINIMO 0.70 M Y ALTURA 1.66 M | H85: Un | I85: 7 | J85: 144638 | K85: =IFERROR(ROUND(I85*J85,0),0) -> 1012466
C86: 8.03 | G86: SUMINISTRO, TRANSPORTE E INSTALACION TECHADO PROVISIONAL EN GUADUA Y PLÁSTICO (H= 2 a 6 m) | H86: m2 | I86: 317 | J86: 24148 | K86: =IFERROR(ROUND(I86*J86,0),0) -> 7654916
C87: 8.04 | G87: SUMINISTRO, TRANSPORTE E INSTALACION CORDÓN EN LADRILLO DE ARCILLA PRENSADO PARA CONTROL DE AGUAS LLUVIAS | H87: m | I87: 422 | J87: 11921 | K87: =IFERROR(ROUND(I87*J87,0),0) -> 5030662
C88: 8.05 | G88: SUMINISTRO, TRANSPORTE E INSTALACION BARRICADA / MALETIN PLASTICO REFLECTIVO TIPO INVIAS | H88: UN | I88: 1 | J88: 451373 | K88: =IFERROR(ROUND(I88*J88,0),0) -> 451373
C89: 8.06 | G89: DEMOLICION DE PAVIMENTO CONCRETO HIDRAULICO CON EQUIPO MECANICO | H89: M3 | I89: 46 | J89: 110508 | K89: =IFERROR(ROUND(I89*J89,0),0) -> 5083368
C90: 8.07 | G90: EVACUACION ESCOMBROS Y SOBRANTES EN VEHICULO AUTOMOTOR MEDIDO EN BANCO | H90: M3 | I90: 342 | J90: 55427 | K90: =IFERROR(ROUND(I90*J90,0),0) -> 18956034
C91: 8.08 | G91: EXCAVACIÓN EN ZANJA - MATERIAL COMÚN - 0.0 A 2.0 M | H91: M3 | I91: 133 | J91: 41042 | K91: =IFERROR(ROUND(I91*J91,0),0) -> 5458586
C92: 8.09 | G92: EXCAVACIÓN EN ZANJA - CONGLOMERADO - 0.0 A 2.0 M | H92: M3 | I92: 100 | J92: 53041 | K92: =IFERROR(ROUND(I92*J92,0),0) -> 5304100
C93: 8.1 | G93: EXCAVACIÓN PARA ESTRUCTURAS - MATERIAL COMÚN - 0.0 A 2.0 M | H93: m3 | I93: 34 | J93: 47347 | K93: =IFERROR(ROUND(I93*J93,0),0) -> 1609798
C94: 8.11 | G94: EXCAVACIÓN PARA ESTRUCTURAS - MATERIAL COMÚN - 2.0 A 4.0 MT | H94: m3 | I94: 12 | J94: 58379 | K94: =IFERROR(ROUND(I94*J94,0),0) -> 700548
C95: 8.12 | G95: EXCAVACIÓN PARA ESTRUCTURAS - CONGLOMERADO - 0.0 A 2.0 M | H95: m3 | I95: 69 | J95: 61857 | K95: =IFERROR(ROUND(I95*J95,0),0) -> 4268133
... C121: 8.38 | G121: CURSOS ESPACIOS CONFINADOS VIGIA SEGÚN RESOLUCION VIGENTE | H121: Un | I121: 1 | J121: 375564 | K121: =IFERROR(ROUND(I121*J121,0),0) -> 375564
C122: 9 | G122: PLAN MANEJO TRANSITO | K122: =SUM(K123:K128) -> 144489864
C123: 9.01 | D123: 030.003 | G123: =+VLOOKUP(D123,[2]Actividades!$A$8:$E$2739,2,FALSE) -> REGULADOR DE TRANSITO | H123: =+VLOOKUP(D123,[2]Actividades!$A$8:$E$2739,4,FALSE) -> DIA | I123: 711 | J123: =+VLOOKUP(D123,[2]Actividades!$A$8:$E$2739,5,FALSE) -> 116051 | K123: =IFERROR(ROUND(I123*J123,0),0) -> 82512261
C124: 9.02 | D124: 030.002 | G124: =+VLOOKUP(D124,[2]Actividades!$A$8:$E$2739,2,FALSE) -> JORNAL AYUDANTE | H124: =+VLOOKUP(D124,[2]Actividades!$A$8:$E$2739,4,FALSE) -> DIA | I124: 74 | J124: =+VLOOKUP(D124,[2]Actividades!$A$8:$E$2739,5,FALSE) -> 86780 | K124: =IFERROR(ROUND(I124*J124,0),0) -> 6421720
C125: 9.03 | D125: 001.087 | G125: =+VLOOKUP(D125,[2]Actividades!$A$8:$E$2739,2,FALSE) -> AVISOS DE SEÑALIZACION TEMPORAL PARA IMPLEMENTACIÓN DE PMT | H125: =+VLOOKUP(D125,[2]Actividades!$A$8:$E$2739,4,FALSE) -> UND | I125: 63 | J125: =+VLOOKUP(D125,[2]Actividades!$A$8:$E$2739,5,FALSE) -> 236009 | K125: =IFERROR(ROUND(I125*J125,0),0) -> 14868567
C126: 9.04 | D126: 032.069 | G126: =+VLOOKUP(D126,[2]Actividades!$A$8:$E$2739,2,FALSE) -> SUMINISTRO, TRANSPORTE E INSTALACION BARRERA CON BOMBONES PLÁSTICOS Y CINTA DE SEGURIDAD | H126: =+VLOOKUP(D126,[2]Actividades!$A$8:$E$2739,4,FALSE) -> ML | I126: 776 | J126: =+VLOOKUP(D126,[2]Actividades!$A$8:$E$2739,5,FALSE) -> 10032 | K126: =IFERROR(ROUND(I126*J126,0),0) -> 7784832
C127: 9.05 | D127: 001.049 | G127: =+VLOOKUP(D127,[2]Actividades!$A$8:$E$2739,2,FALSE) -> SUMINISTRO, TRANSPORTE E INSTALACIÓN CERRAMIENTO EN YUTE H= 2 M | H127: =+VLOOKUP(D127,[2]Actividades!$A$8:$E$2739,4,FALSE) -> ML | I127: 776 | J127: =+VLOOKUP(D127,[2]Actividades!$A$8:$E$2739,5,FALSE) -> 14195 | K127: =IFERROR(ROUND(I127*J127,0),0) -> 11015320
D128: 001.058 | G128: SUMINISTRO, TRANSPORTE E INSTALACION PUENTE PEATONAL PROVISIONAL EN MADERA (ANCHO = 1.40 MT) | H128: ML | I128: 494 | J128: 44306 | K128: =IFERROR(ROUND(I128*J128,0),0) -> 21887164
...

Sheet AIU BV LA ESTRELLA
A1: ANALISIS DEL AIU
A3: Valor estimado de la Obra (Costo Directo). | D3: Valor | E3: =+'PPTO CD BV LA ESTRELLA'!K147 -> 8211121308 | L3: =+E3*(1+J53) -> 1.0999618e+10
A4: Plazo estimado de ejecución. | D4: Meses | E4: 8
A5: Contratista Persona Natural (SI o NO) | E5: no
A7: CAPITULO | B7: TIPO DE GASTO | C7: UN | D7: CANTIDAD. | E7: DEDICACION | F7: VLOR UNITARIO (mes) | G7: FACTOR PRESTACIONAL O FACTOR AIU (PARA INDIRECTOS) | H7: VALOR TOTAL | I7: SUMA | J7: PORCENTAJE
A8: 1 | B8: GASTOS GENERALES. | J8: =+J9 -> 0.072810106
A9: 1.1 | B9: MANO DE OBRA Y GASTOS DE OFICINA | I9: =SUM(H10:H24) -> 5.9785261e+08 | J9: =+I9/$E$3 -> 0.072810106
B10: Ingeniero Director | C10: Un | D10: 1 | E10: 1 | F10: 6710444 | G10: =+'[3]Analisis Factor Prestacional'!$D$28 -> 0.6556 | H10: =+D10*E10*$E$4*F10*(1+G10) -> 88878489 | J10: =+H10/$E$3 -> 0.01082416
B11: Ingeniero Residente | C11: Un | D11: 3 | E11: 1 | F11: 4446382 | G11: =+'[3]Analisis Factor Prestacional'!$D$28 -> 0.6556 | H11: =+D11*E11*$E$4*F11*(1+G11) -> 1.7667432e+08 | J11: =+H11/$E$3 -> 0.021516467
B12: Maestro de Obra | C12: Un | D12: 3 | E12: 1 | F12: 3600000 | G12: =+'[3]Analisis Factor Prestacional'!$D$28 -> 0.6556 | H12: =+D12*E12*$E$4*F12*(1+G12) -> 1.4304384e+08 | J12: =+H12/$E$3 -> 0.017420744
B13: Profesional de Salud Ocupacional | C13: Un | D13: 1 | E13: 1 | F13: 3600000 | G13: =+'[3]Analisis Factor Prestacional'!$D$28 -> 0.6556 | H13: =+D13*E13*$E$4*F13*(1+G13) -> 47681280 | J13: =+H13/$E$3 -> 0.0058069146
B14: Profesional Ambiental | C14: Un | D14: 1 | E14: 1 | F14: 3600000 | G14: =+'[3]Analisis Factor Prestacional'!$D$28 -> 0.6556 | H14: =+D14*E14*$E$4*F14*(1+G14) -> 47681280 | J14: =+H14/$E$3 -> 0.0058069146
B15: Profesional Social | C15: Un | D15: 1 | E15: 1 | F15: 3600000 | G15: =+'[3]Analisis Factor Prestacional'!$D$28 -> 0.6556 | H15: =+D15*E15*$E$4*F15*(1+G15) -> 47681280 | J15: =+H15/$E$3 -> 0.0058069146
B16: Almacenista | C16: Un | D16: 1 | E16: 1 | F16: 1553137 | G16: =+'[2]Analisis Factor Prestacional'!$C$28 -> 0.829 | H16: =+D16*E16*$E$4*F16*(1+G16) -> 22725501 | J16: =+H16/$E$3 -> 0.0027676489
B17: Secretaria con Prestaciones | C17: Un | D17: 1 | E17: 0.2 | F17: 2200000 | G17: =+'[2]Analisis Factor Prestacional'!$E$28 -> 0.8087 | H17: =+D17*E17*$E$4*F17*(1+G17) -> 6366624 | J17: =+H17/$E$3 -> 0.00077536597
B18: Contador | C18: Un | D18: 1 | E18: 0.15 | F18: 3600000 | H18: =+D18*E18*$E$4*F18*(1+G18) -> 4320000 | J18: =+H18/$E$3 -> 0.00052611572
B19: Equipo de Oficina (Escritorio, pc, impresora, sillas, papeleria) | C19: Mes | D19: 1 | E19: 1 | F19: 300000 | H19: =+D19*E19*$E$4*F19*(1+G19) -> 2400000 | J19: =+H19/$E$3 -> 0.00029228651
B20: Seguridad Industrial Personal | C20: Mes | D20: 1 | E20: 0.5 | F20: 400000 | H20: =+D20*E20*$E$4*F20*(1+G20) -> 1600000 | J20: =+H20/$E$3 -> 0.00019485767
B21: Plan de Salud Ocupacional y Seguridad Industrial | C21: Mes | D21: 1 | E21: 1 | F21: 300000 | H21: =+D21*E21*$E$4*F21*(1+G21) -> 2400000 | J21: =+H21/$E$3 -> 0.00029228651
B22: Elaboracion de PMT | C22: gl | D22: 1 | F22: 1000000 | H22: =+D22*F22*(1+G22) -> 1000000 | J22: =+H22/$E$3 -> 0.00012178605
B23: Sistema de Gestion Ambiental | C23: Mes | D23: 1 | E23: 1 | F23: 300000 | H23: =+D23*E23*$E$4*F23*(1+G23) -> 2400000 | J23: =+H23/$E$3 -> 0.00029228651
B24: Ensayos de Laboratorio | C24: GL | D24: 1 | F24: 3000000 | H24: 3000000 | J24: =+H24/$E$3 -> 0.00036535814
A25: 2 | B25: GASTOS INDIRECTOS. | J25: =J26+J27+J29+J39 -> 0.2065246
B26: Valla informativa del proyecto 2m x 4m | C26: und | D26: 2 | F26: 780000 | H26: =+D26*F26 -> 1560000 | J26: =+H26/$E$3 -> 0.00018998623
A27: 2.1 | B27: LEGALIZACION. | J27: =+I27/$E$3 -> 0
B28: AIU ITERACION | G28: 1.3396 | J28: =+H28/$E$3 -> 0
A29: 2.2 | B29: POLIZAS | I29: =SUM(H32:H37) -> 69594924 | J29: =+I29/$E$3 -> 0.0084756906
B30: Seriedad de la Propuesta. | C30: % | D30: 0 | F30: =+$E$3 -> 8211121308 | G30: =+$G$28 -> 1.3396 | H30: =+F30*D30*G30 -> 0 | J30: =+H30/$E$3 -> 0
B31: Anticipo | C31: % | F31: =+$E$3 -> 8211121308 | G31: =+$G$28 -> 1.3396 | H31: 9250000 | J31: =+H31/$E$3 -> 0.0011265209
B32: Cumplimiento del Contrato | C32: % | F32: =+'PPTO CD BV LA ESTRELLA'!$K$147 -> 8211121308 | G32: =+$G$28 -> 1.3396 | H32: 4491023 | J32: =+H32/$E$3 -> 0.00054694394
B33: Estabilidad y Calidad de la Obra | C33: % | F33: =+'PPTO CD BV LA ESTRELLA'!$K$147 -> 8211121308 | G33: =+$G$28 -> 1.3396 | H33: 40199060 | J33: =+H33/$E$3 -> 0.0048956846
B34: Pago de Salarios y Prestaciones Sociales Legales | C34: % | F34: =+'PPTO CD BV LA ESTRELLA'!$K$147 -> 8211121308 | G34: =+$G$28 -> 1.3396 | H34: 18771303 | J34: =+H34/$E$3 -> 0.0022860828
B35: Buen Manejo y Correcta Inversión del Anticipo | C35: % | F35: =+'PPTO CD BV LA ESTRELLA'!$K$147 -> 8211121308 | G35: =+$G$28 -> 1.3396 | H35: 4491023 | J35: =+H35/$E$3 -> 0.00054694394 | M35: 33.6
B36: Seriedad de la Propuesta. | F36: =+'PPTO CD BV LA ESTRELLA'!$K$147 -> 8211121308 | G36: =+$G$28 -> 1.3396 | H36: 1285665 | J36: =+H36/$E$3 -> 0.00015657606
B37: Responsabilidad Civil (Predios Labores y Operaciones) | C37: % | F37: =+'PPTO CD BV LA ESTRELLA'!$K$147 -> 8211121308 | G37: =+$G$28 -> 1.3396 | H37: 356850 | J37: =+H37/$E$3 -> 4.3459351e-05
B38: Todo riesgo | C38: % | D38: 0 | F38: =+'PPTO CD BV LA ESTRELLA'!$K$147 -> 8211121308 | G38: =+$G$28 -> 1.3396 | H38: =+F38*D38*G38 -> 0 | J38: =+H38/$E$3 -> 0
A39: 2.3 | B39: IMPUESTOS Y CONTRIBUCIONES | I39: =SUM(H40:H48) -> 1.6246436e+09 | J39: =+I39/$E$3 -> 0.19785892
B40: Impuesto de timbre (Decreto 0175 - 2025) | C40: % | D40: 0.005 | F40: =+'PPTO CD BV LA ESTRELLA'!$K$147 -> 8211121308 | G40: =+$G$28 -> 1.3396 | H40: =+F40*D40*G40 -> 54998091 | J40: =+H40/$E$3 -> 0.006698
B41: Contribución Especial | C41: % | D41: 0.05 | F41: =+'PPTO CD BV LA ESTRELLA'!$K$147 -> 8211121308 | G41: =+$G$28 -> 1.3396 | H41: =+F41*D41*G41 -> 5.4998091e+08 | J41: =+H41/$E$3 -> 0.06698
B42: Estampillas para el bienestar del adulto mayor | C42: % | D42: 0.02 | F42: =+'PPTO CD BV LA ESTRELLA'!$K$147 -> 8211121308 | G42: =+$G$28 -> 1.3396 | H42: =+F42*D42*G42 -> 2.1999236e+08 | J42: =+H42/$E$3 -> 0.026792
B43: Estampillas Pro - Universidades. | C43: % | D43: 0.02 | F43: =+'PPTO CD BV LA ESTRELLA'!$K$147 -> 8211121308 | G43: =+$G$28 -> 1.3396 | H43: =+F43*D43*G43 -> 2.1999236e+08 | J43: =+H43/$E$3 -> 0.026792
B44: Estampilla Pro Cultura | C44: % | D44: 0.02 | F44: =+'PPTO CD BV LA ESTRELLA'!$K$147 -> 8211121308 | G44: =+$G$28 -> 1.3396 | H44: =+F44*D44*G44 -> 2.1999236e+08 | J44: =+H44/$E$3 -> 0.026792
B45: Estampilla Pro Justicia Familiar | C45: % | D45: 0.02 | F45: =+'PPTO CD BV LA ESTRELLA'!$K$147 -> 8211121308 | G45: =+$G$28 -> 1.3396 | H45: =+F45*D45*G45 -> 2.1999236e+08 | J45: =+H45/$E$3 -> 0.026792
B46: Gasto Bancarios 4x1000 y Retiros | C46: % | D46: 0.004 | F46: =+'PPTO CD BV LA ESTRELLA'!$K$147 -> 8211121308 | G46: =+$G$28 -> 1.3396 | H46: =+F46*D46*G46 -> 43998472 | J46: =+H46/$E$3 -> 0.0053584
B47: Industria y Comercio 3,7 x 1.000 sobre Valor Total | C47: % | D47: 0.0037 | F47: =+'PPTO CD BV LA ESTRELLA'!$K$147 -> 8211121308 | G47: =+$G$28 -> 1.3396 | H47: =+F47*D47*G47 -> 40698587 | J47: =+H47/$E$3 -> 0.00495652
B48: Tasa Pro Deporte y Recreación | C48: % | D48: 0.005 | F48: =+'PPTO CD BV LA ESTRELLA'!$K$147 -> 8211121308 | G48: =+$G$28 -> 1.3396 | H48: =+F48*D48*G48 -> 54998091 | J48: =+H48/$E$3 -> 0.006698
B49: TOTAL GASTOS INDIRECTOS DE ADMINISTRACION. | I49: =SUM(I9:I48) -> 2.2920911e+09 | J49: =ROUND(SUM(J8:J48)/3,4) -> 0.2796
B50: IMPREVISTO | J50: 0
B51: UTILIDAD: | J51: 0.06
B52: IVA SOBRE UTILIDAD: | J52: =J51*I52 -> 0
B53: A.I.U. | J53: =SUM(J49:J52) -> 0.3396
B57: ALCALDIA DE MANIZALES. | D57: Base - Tope | E57: Porcentaje | F57: Vlor x Millón o fracción.
B58: Estampilla Pro-Hospital. | E58: 0.02
B59: Estampilla Pro-Universidad. | E59: 0.01
B60: Timbre | D60: 53000000 | E60: 0.0075
B61: Retención en la Fuente. | E61: 0.01
B62: Publicación Diario Oficial. | F62: 5530
B63: Contribución Especial (Impovias). | E63: 0.05
B64: Industria y comercio (4 X 1.000 Ing. Brutos). | E64: 0.004

Sheet PPTO TOTAL LA ESTRELLA INC AIU
C3: Código | D3: CCE-EICP-FM-14 | E3: Versión | F3: 2
C4: FORMULARIO 1
C5: PRESUPUESTO - COSTO TOTAL
C6: [Las Entidades Estatales deben usar el presente formulario para determinar el Presupuesto Oficial del Proceso de Contratación y solo pueden modificar o ajustar aquello que en este se permite expresamente] [El presente formulario aplica para los procesos de contratación que tengan como forma de pago precios unitarios. Tratándose de otras modalidades de precio, la Entidad debe ajustarlo cuando corresponde a: precio global, llave en mano, administración delegada, reembolso de gastos o cualquier otra forma de precio.]
C8: Adicionalmente, cuando el proceso de contratación es estructurado por precios unitarios, la Entidad debe aplicar las notas 1, 2 y 3 del presente formulario y las casillas de "Descripción", "Porcentaje" de la Administración, Imprevisto, Utilidad y total A.I.U. resaltadas en color amarillo. Tratándose de otras modalidades de precio, la Entidad puede o no configurar los mismos aspectos.
C9: MEJORAMIENTO DEL ESPACIO PUBLICO MEDIANTE LA CONSTRUCCION DE BULEVARES BARRIO LA ESTRELLA DE LA CIUDAD DE MANIZALES
C10: LOCALIZADO ENTRE LA CALLE 62 Y CRA 24A Y ENTRE CALLE 58 Y CRA 23 A
C11: No. | D11: ITEM DE PAGO | E11: ESPECIFICACIONES | G11: DESCRIPCION | H11: UND. | I11: CANTIDAD | J11: VALOR UNITARIO | K11: VALOR TOTAL
C12: 1 | G12: PRELIMINARES | K12: =SUM(K13:K24) -> 859580549
C13: 1.01 | D13: 001.085 | G13: =VLOOKUP(D13,[1]Actividades!$A$8:$E$2745,2,FALSE) -> LOCALIZACION Y REPLANTEO DE VIAS incluye eje de via y laterales con andenes | H13: =VLOOKUP(D13,[1]Actividades!$A$8:$E$2745,4,FALSE) -> ML | I13: =+'PPTO CD BV LA ESTRELLA'!I13 -> 1674 | J13: =+ROUND('PPTO CD BV LA ESTRELLA'!J13*(1+'AIU BV LA ESTRELLA'!$J$53),0) -> 6363 | K13: =IFERROR(ROUND(I13*J13,0),0) -> 10651662
C14: 1.02 | D14: 001.001 | G14: =VLOOKUP(D14,[1]Actividades!$A$8:$E$2745,2,FALSE) -> LOCALIZACION Y REPLANTEO PLAZOLETA | H14: =VLOOKUP(D14,[1]Actividades!$A$8:$E$2745,4,FALSE) -> M2 | I14: =+'PPTO CD BV LA ESTRELLA'!I14 -> 338 | J14: =+ROUND('PPTO CD BV LA ESTRELLA'!J14*(1+'AIU BV LA ESTRELLA'!$J$53),0) -> 6331 | K14: =IFERROR(ROUND(I14*J14,0),0) -> 2139878
C15: 1.03 | D15: 029.007 | G15: =VLOOKUP(D15,[1]Actividades!$A$8:$E$2745,2,FALSE) -> DEMOLICIÓN DE ANDENES EN CONCRETO HIDRÁULICO - INCLUYE CARGUE A MANO, RETIRO Y DISPOSICIÓN EN BOTADERO | H15: =VLOOKUP(D15,[1]Actividades!$A$8:$E$2745,4,FALSE) -> M3 | I15: =+'PPTO CD BV LA ESTRELLA'!I15 -> 660 | J15: =+ROUND('PPTO CD BV LA ESTRELLA'!J15*(1+'AIU BV LA ESTRELLA'!$J$53),0) -> 156559 | K15: =IFERROR(ROUND(I15*J15,0),0) -> 103328940
C16: 1.04 | D16: 029.007A | G16: =VLOOKUP(D16,[1]Actividades!$A$8:$E$2745,2,FALSE) -> DEMOLICIÓN DE SARDINELES EN CONCRETO HIDRÁULICO - INCLUYE CARGUE A MANO, RETIRO Y DISPOSICIÓN EN BOTADERO | H16: =VLOOKUP(D16,[1]Actividades!$A$8:$E$2745,4,FALSE) -> M3 | I16: =+'PPTO CD BV LA ESTRELLA'!I16 -> 283 | J16: =+ROUND('PPTO CD BV LA ESTRELLA'!J16*(1+'AIU BV LA ESTRELLA'!$J$53),0) -> 156559 | K16: =IFERROR(ROUND(I16*J16,0),0) -> 44306197
C17: 1.05 | D17: 029.013 | G17: =VLOOKUP(D17,[1]Actividades!$A$8:$E$2745,2,FALSE) -> DEMOLICION MECANICA DE PAVIMENTO CONCRETO ASFALTICO. INCLUYE RETIRO Y DISPOSICION EN SITIO AUTORIZADO | H17: =VLOOKUP(D17,[1]Actividades!$A$8:$E$2745,4,FALSE) -> M3 | I17: =+'PPTO CD BV LA ESTRELLA'!I17 -> 417 | J17: =+ROUND('PPTO CD BV LA ESTRELLA'!J17*(1+'AIU BV LA ESTRELLA'!$J$53),0) -> 138620 | K17: =IFERROR(ROUND(I17*J17,0),0) -> 57804540
C18: 1.06 | D18: 002.001 | G18: =VLOOKUP(D18,[1]Actividades!$A$8:$E$2745,2,FALSE) -> EXCAVACIÓN EN ZANJA - MATERIAL COMÚN - 0.0 A 2.0 M | H18: =VLOOKUP(D18,[1]Actividades!$A$8:$E$2745,4,FALSE) -> M3 | I18: =+'PPTO CD BV LA ESTRELLA'!I18 -> 3321 | J18: =+ROUND('PPTO CD BV LA ESTRELLA'!J18*(1+'AIU BV LA ESTRELLA'!$J$53),0) -> 49394 | K18: =IFERROR(ROUND(I18*J18,0),0) -> 164037474
C19: 1.07 | D19: 002.016 | G19: =VLOOKUP(D19,[1]Actividades!$A$8:$E$2745,2,FALSE) -> EXCAVACIÓN A CIELO ABIERTO - MATERIAL COMÚN - 0.0 A 2.0 M | H19: =VLOOKUP(D19,[1]Actividades!$A$8:$E$2745,4,FALSE) -> M3 | I19: =+'PPTO CD BV LA ESTRELLA'!I19 -> 1196 | J19: =+ROUND('PPTO CD BV LA ESTRELLA'!J19*(1+'AIU BV LA ESTRELLA'!$J$53),0) -> 53627 | K19: =IFERROR(ROUND(I19*J19,0),0) -> 64137892
C20: 1.08 | D20: 002.039 | G20: =VLOOKUP(D20,[1]Actividades!$A$8:$E$2745,2,FALSE) -> EXCAVACION MECANICA EN MATERIAL COMUN | H20: =VLOOKUP(D20,[1]Actividades!$A$8:$E$2745,4,FALSE) -> M3 | I20: =+'PPTO CD BV LA ESTRELLA'!I20 -> 1252 | J20: =+ROUND('PPTO CD BV LA ESTRELLA'!J20*(1+'AIU BV LA ESTRELLA'!$J$53),0) -> 81611 | K20: =IFERROR(ROUND(I20*J20,0),0) -> 102176972
C21: 1.09 | D21: 002.089 | G21: =VLOOKUP(D21,[1]Actividades!$A$8:$E$2745,2,FALSE) -> RETIRO DE MATERIAL SOBRANTE EN VOLQUETA, CARGUE MANUAL, DISPOSICIÓN EN BOTADERO (HASTA 25 KM) | H21: =VLOOKUP(D21,[1]Actividades!$A$8:$E$2745,4,FALSE) -> M3-Suelto | I21: =+'PPTO CD BV LA ESTRELLA'!I21 -> 5559 | J21: =+ROUND('PPTO CD BV LA ESTRELLA'!J21*(1+'AIU BV LA ESTRELLA'!$J$53),0) -> 54625 | K21: =IFERROR(ROUND(I21*J21,0),0) -> 303660375
C22: 1.1 | G22: DESMONTE DE BANCAS METALICAS Y LISTONES DE MADERA | H22: und | I22: =+'PPTO CD BV LA ESTRELLA'!I22 -> 10 | J22: =+ROUND('PPTO CD BV LA ESTRELLA'!J22*(1+'AIU BV LA ESTRELLA'!$J$53),0) -> 180846 | K22: =IFERROR(ROUND(I22*J22,0),0) -> 1808460
C23: 1.11 | D23: 028.094 | G23: =VLOOKUP(D23,[1]Actividades!$A$8:$E$2745,2,FALSE) -> RETIRO DE SEÑALES VERTICALES ANCLADAS EN ANDEN, ZONA VERDE O ADOSADAS A POSTE EXISTENTE O PARED (INCLUYE PEDESTAL Y TABLERO) CON ENTREGA A LA SDM (INCLUYE SEÑALES SENCILLAS Y DUPLEX) | H23: =VLOOKUP(D23,[1]Actividades!$A$8:$E$2745,4,FALSE) -> UND | I23: =+'PPTO CD BV LA ESTRELLA'!I23 -> 19 | J23: =+ROUND('PPTO CD BV LA ESTRELLA'!J23*(1+'AIU BV LA ESTRELLA'!$J$53),0) -> 93489 | K23: =IFERROR(ROUND(I23*J23,0),0) -> 1776291
C24: 1.12 | D24: 021.024 | G24: =VLOOKUP(D24,[1]Actividades!$A$8:$E$2745,2,FALSE) -> SUMINISTRO, TRANSPORTE E INSTALACION EMPRADIZACIÓN CON BLOQUES DE CÉSPED | H24: =VLOOKUP(D24,[1]Actividades!$A$8:$E$2745,4,FALSE) -> M2 | I24: =+'PPTO CD BV LA ESTRELLA'!I24 -> 158 | J24: =+ROUND('PPTO CD BV LA ESTRELLA'!J24*(1+'AIU BV LA ESTRELLA'!$J$53),0) -> 23746 | K24: =IFERROR(ROUND(I24*J24,0),0) -> 3751868
C25: 2 | G25: BASES Y PAVIMENTOS | K25: =SUM(K26:K37) -> 2373921188
C26: 2.01 | D26: 002A.022 | G26: =VLOOKUP(D26,[1]Actividades!$A$8:$E$2745,2,FALSE) -> SUSTITUCION EN ARENA LIMPIA | H26: =VLOOKUP(D26,[1]Actividades!$A$8:$E$2745,4,FALSE) -> M3 | I26: =+'PPTO CD BV LA ESTRELLA'!I26 -> 231 | J26: =+ROUND('PPTO CD BV LA ESTRELLA'!J26*(1+'AIU BV LA ESTRELLA'!$J$53),0) -> 169403 | K26: =IFERROR(ROUND(I26*J26,0),0) -> 39132093
C27: 2.02 | D27: 002.049 | G27: =VLOOKUP(D27,[1]Actividades!$A$8:$E$2745,2,FALSE) -> RELLENO EN MATERIAL SELECCIONADO PROVENIENTE DE LA EXCAVACION (APISONADO) | H27: =VLOOKUP(D27,[1]Actividades!$A$8:$E$2745,4,FALSE) -> M3 | I27: =+'PPTO CD BV LA ESTRELLA'!I27 -> 3346 | J27: =+ROUND('PPTO CD BV LA ESTRELLA'!J27*(1+'AIU BV LA ESTRELLA'!$J$53),0) -> 56334 | K27: =IFERROR(ROUND(I27*J27,0),0) -> 188493564
C28: 2.03 | D28: 004.013 | G28: =VLOOKUP(D28,[1]Actividades!$A$8:$E$2745,2,FALSE) -> SUMINISTRO, TRANSPORTE E INSTALACION AFIRMADO COMPACTADO PARA ESTRUCTURAS | H28: =VLOOKUP(D28,[1]Actividades!$A$8:$E$2745,4,FALSE) -> M3 | I28: =+'PPTO CD BV LA ESTRELLA'!I28 -> 1038 | J28: =+ROUND('PPTO CD BV LA ESTRELLA'!J28*(1+'AIU BV LA ESTRELLA'!$J$53),0) -> 182991 | K28: =IFERROR(ROUND(I28*J28,0),0) -> 189944658
C29: 2.04 | D29: 004.005 | G29: =VLOOKUP(D29,[1]Actividades!$A$8:$E$2745,2,FALSE) -> SUMINISTRO, TRANSPORTE E INSTALACION SUB BASE COMPACTADA CON RANA | H29: =VLOOKUP(D29,[1]Actividades!$A$8:$E$2745,4,FALSE) -> M3 | I29: =+'PPTO CD BV LA ESTRELLA'!I29 -> 266 | J29: =+ROUND('PPTO CD BV LA ESTRELLA'!J29*(1+'AIU BV LA ESTRELLA'!$J$53),0) -> 263947 | K29: =IFERROR(ROUND(I29*J29,0),0) -> 70209902
C30: 2.05 | D30: 033.117 | G30: =VLOOKUP(D30,[1]Actividades!$A$8:$E$2745,2,FALSE) -> SUMINISTRO, TRANSPORTE E INSTALACION PAVIMENTO EN CONCRETO PREMEZCLADO MR 42 | H30: =VLOOKUP(D30,[1]Actividades!$A$8:$E$2745,4,FALSE) -> M3 | I30: =+'PPTO CD BV LA ESTRELLA'!I30 -> 235 | J30: =+ROUND('PPTO CD BV LA ESTRELLA'!J30*(1+'AIU BV LA ESTRELLA'!$J$53),0) -> 1406072 | K30: =IFERROR(ROUND(I30*J30,0),0) -> 330426920
C31: 2.06 | D31: 023.045 | G31: =VLOOKUP(D31,[1]Actividades!$A$8:$E$2745,2,FALSE) -> CANASTILLA DE SOPORTE DE DOVELAS EN HIERRO 3/8" Y 1/4" | H31: =VLOOKUP(D31,[1]Actividades!$A$8:$E$2745,4,FALSE) -> ML | I31: =+'PPTO CD BV LA ESTRELLA'!I31 -> 259 | J31: =+ROUND('PPTO CD BV LA ESTRELLA'!J31*(1+'AIU BV LA ESTRELLA'!$J$53),0) -> 22107 | K31: =IFERROR(ROUND(I31*J31,0),0) -> 5725713
C32: 2.07 | D32: 023.046 | G32: =VLOOKUP(D32,[1]Actividades!$A$8:$E$2745,2,FALSE) -> DOVELAS DE ACERO LISO 60000 PSI PARA PAVIMENTOS | H32: =VLOOKUP(D32,[1]Actividades!$A$8:$E$2745,4,FALSE) -> KG | I32: =+'PPTO CD BV LA ESTRELLA'!I32 -> 264 | J32: =+ROUND('PPTO CD BV LA ESTRELLA'!J32*(1+'AIU BV LA ESTRELLA'!$J$53),0) -> 19991 | K32: =IFERROR(ROUND(I32*J32,0),0) -> 5277624
C33: 2.08 | D33: 023.034 | G33: =VLOOKUP(D33,[1]Actividades!$A$8:$E$2745,2,FALSE) -> CORTE MECANIZADO DE PAVIMENTO A=5 mm profundidad un tercio del espesor | H33: =VLOOKUP(D33,[1]Actividades!$A$8:$E$2745,4,FALSE) -> ML | I33: =+'PPTO CD BV LA ESTRELLA'!I33 -> 1616 | J33: =+ROUND('PPTO CD BV LA ESTRELLA'!J33*(1+'AIU BV LA ESTRELLA'!$J$53),0) -> 13482 | K33: =IFERROR(ROUND(I33*J33,0),0) -> 21786912
C34: 2.09 | D34: 023.036 | G34: =VLOOKUP(D34,[1]Actividades!$A$8:$E$2745,2,FALSE) -> SUMINISTRO, TRANSPORTE E INSTALACION SELLO DE JUNTA DE PAVIMENTO RIGIDO 5mm | H34: =VLOOKUP(D34,[1]Actividades!$A$8:$E$2745,4,FALSE) -> ML | I34: =+'PPTO CD BV LA ESTRELLA'!I34 -> 6843 | J34: =+ROUND('PPTO CD BV LA ESTRELLA'!J34*(1+'AIU BV LA ESTRELLA'!$J$53),0) -> 16131 | K34: =IFERROR(ROUND(I34*J34,0),0) -> 110384433
C35: 2.1 | D35: 023.002 | G35: =VLOOKUP(D35,[1]Actividades!$A$8:$E$2745,2,FALSE) -> SUMINISTRO, TRANSPORTE E INSTALACION IMPRIMACION CON EMULSION ASFALTICA | H35: =VLOOKUP(D35,[1]Actividades!$A$8:$E$2745,4,FALSE) -> M2 | I35: =+'PPTO CD BV LA ESTRELLA'!I35 -> 7733 | J35: =+ROUND('PPTO CD BV LA ESTRELLA'!J35*(1+'AIU BV LA ESTRELLA'!$J$53),0) -> 8087 | K35: =IFERROR(ROUND(I35*J35,0),0) -> 62536771
C36: 2.11 | D36: 023.004 | G36: =VLOOKUP(D36,[1]Actividades!$A$8:$E$2745,2,FALSE) -> SUMINISTRO, TRANSPORTE E INSTALACION MEZCLA ASFALTICA TIPO MDC-19. Extendido mecánico y compactado | H36: =VLOOKUP(D36,[1]Actividades!$A$8:$E$2745,4,FALSE) -> M3 | I36: =+'PPTO CD BV LA ESTRELLA'!I36 -> 642 | J36: =+ROUND('PPTO CD BV LA ESTRELLA'!J36*(1+'AIU BV LA ESTRELLA'!$J$53),0) -> 1782599 | K36: =IFERROR(ROUND(I36*J36,0),0) -> 1144428558
C37: 2.12 | D37: 023.067 | G37: =VLOOKUP(D37,[1]Actividades!$A$8:$E$2745,2,FALSE) -> SUMINISTRO, TRANSPORTE E INSTALACIÓN DE GEOMALLA BIAXIAL DE RESISTENCIA A LA CARGA CÍCLICA DE 800 KN/M INSTALADA EN LA MITAD DE LA CARPETA ASFALTICA | H37: =VLOOKUP(D37,[1]Actividades!$A$8:$E$2745,4,FALSE) -> M2 | I37: =+'PPTO CD BV LA ESTRELLA'!I37 -> 7308 | J37: =+ROUND('PPTO CD BV LA ESTRELLA'!J37*(1+'AIU BV LA ESTRELLA'!$J$53),0) -> 28130 | K37: =IFERROR(ROUND(I37*J37,0),0) -> 205574040
C38: 3 | G38: ANDENES Y SARDINELES | K38: =SUM(K39:K43) -> 2148376005
C39: 3.01 | D39: 021.088 | G39: =VLOOKUP(D39,[1]Actividades!$A$8:$E$2745,2,FALSE) -> CONSTRUCCION DE SARDINEL PARA CONFORMACION DE ANDENES H= HASTA 25 CM CHAFLANADO ENTRE A=10 CM Y 15 CM, INCLUYE REF LONG 2 VARILLAS DE 3/8", FLEJES TRANSVERSALES DE 1/4" CADA 15 CM ANCLADOS A PAVIMENTO (INCLUYE ANCLAJES EPOXICOS) | H39: =VLOOKUP(D39,[1]Actividades!$A$8:$E$2745,4,FALSE) -> ML | I39: =+'PPTO CD BV LA ESTRELLA'!I39 -> 3852 | J39: =+ROUND('PPTO CD BV LA ESTRELLA'!J39*(1+'AIU BV LA ESTRELLA'!$J$53),0) -> 166341 | K39: =IFERROR(ROUND(I39*J39,0),0) -> 640745532
C40: 3.02 | G40: SUMINISTRO, TRANSPORTE E INSTALACION ANDEN CONCRETO 3000 PSI E= 0.08M. ACABADO: ESCOBIADO o PALETEADO, DILATADO SEGÚN DISEÑO | H40: M2 | I40: =+'PPTO CD BV LA ESTRELLA'!I40 -> 9927 | J40: =+ROUND('PPTO CD BV LA ESTRELLA'!J40*(1+'AIU BV LA ESTRELLA'!$J$53),0) -> 123913 | K40: =IFERROR(ROUND(I40*J40,0),0) -> 1230084351
C41: 3.03 | D41: 021A.051 | F41: Guía | G41: =VLOOKUP(D41,[1]Actividades!$A$8:$E$2745,2,FALSE) -> SUMINISTRO, TRANSPORTE E INSTALACION LOSETA 20x20cm TACTIL / GUIA-ALERTA PREFABRICADA EN CONCRETO GRIS O COLOR. | H41: =VLOOKUP(D41,[1]Actividades!$A$8:$E$2745,4,FALSE) -> ML | I41: =+'PPTO CD BV LA ESTRELLA'!I41 -> 3324 | J41: =+ROUND('PPTO CD BV LA ESTRELLA'!J41*(1+'AIU BV LA ESTRELLA'!$J$53),0) -> 49920 | K41: =IFERROR(ROUND(I41*J41,0),0) -> 165934080
C42: 3.04 | D42: 021A.051 | F42: Alerta | G42: =VLOOKUP(D42,[1]Actividades!$A$8:$E$2745,2,FALSE) -> SUMINISTRO, TRANSPORTE E INSTALACION LOSETA 20x20cm TACTIL / GUIA-ALERTA PREFABRICADA EN CONCRETO GRIS O COLOR. | H42: =VLOOKUP(D42,[1]Actividades!$A$8:$E$2745,4,FALSE) -> ML | I42: =+'PPTO CD BV LA ESTRELLA'!I42 -> 414 | J42: =+ROUND('PPTO CD BV LA ESTRELLA'!J42*(1+'AIU BV LA ESTRELLA'!$J$53),0) -> 49920 | K42: =IFERROR(ROUND(I42*J42,0),0) -> 20666880
D43: 033.122 | E43: 0 | F43: 0 | G43: SUMINISTRO, TRANSPORTE E INSTALACION DE RAMPAS Y BADOS PEATONALES CONCRETO PRODUCIDO EN OBRA 3000 PSI ACABADO: ESCOBIADO | H43: M3 | I43: =+'PPTO CD BV LA ESTRELLA'!I43 -> 63 | J43: =+ROUND('PPTO CD BV LA ESTRELLA'!J43*(1+'AIU BV LA ESTRELLA'!$J$53),0) -> 1443574 | K43: =IFERROR(ROUND(I43*J43,0),0) -> 90945162
C44: 4 | G44: CICLOBANDA, DEMARCACION Y SEÑALIZACION | K44: =SUM(K45:K52) -> 538232545
C45: 4.01 | D45: 012.083 | G45: =VLOOKUP(D45,[1]Actividades!$A$8:$E$2745,2,FALSE) -> SUMINISTRO, TRANSPORTE E INSTALACIÓN DE RECUBRIMIENTO ACRÍLICO SINTÉTICO ACRYTECH STEGASS SOBRE PLACAS DE CONCRETO. Incluye una capa de acrilyc resurfer con arena de cuarzo, una capa de acrytech color con arena de cuarzo y una capa de acrytech color sin arena de cuarzo. Incluye demarcación de lineas perimetrales, centrales y demás). | H45: =VLOOKUP(D45,[1]Actividades!$A$8:$E$2745,4,FALSE) -> M2 | I45: =+'PPTO CD BV LA ESTRELLA'!I45 -> 825 | J45: =+ROUND('PPTO CD BV LA ESTRELLA'!J45*(1+'AIU BV LA ESTRELLA'!$J$53),0) -> 106620 | K45: =IFERROR(ROUND(I45*J45,0),0) -> 87961500
C46: 4.02 | D46: 023.062 | G46: =VLOOKUP(D46,[1]Actividades!$A$8:$E$2745,2,FALSE) -> SUMINISTRO, TRANSPORTE E INSTALACION TACHONES 40x15x8cm | H46: =VLOOKUP(D46,[1]Actividades!$A$8:$E$2745,4,FALSE) -> UND | I46: =+'PPTO CD BV LA ESTRELLA'!I46 -> 1802 | J46: =+ROUND('PPTO CD BV LA ESTRELLA'!J46*(1+'AIU BV LA ESTRELLA'!$J$53),0) -> 93393 | K46: =IFERROR(ROUND(I46*J46,0),0) -> 168294186
C47: 4.03 | D47: 023.061 | G47: =VLOOKUP(D47,[1]Actividades!$A$8:$E$2745,2,FALSE) -> SUMINISTRO, TRANSPORTE E INSTALACION TACHAS REFLECTIVAS. | H47: =VLOOKUP(D47,[1]Actividades!$A$8:$E$2745,4,FALSE) -> UND | I47: =+'PPTO CD BV LA ESTRELLA'!I47 -> 565 | J47: =+ROUND('PPTO CD BV LA ESTRELLA'!J47*(1+'AIU BV LA ESTRELLA'!$J$53),0) -> 18760 | K47: =IFERROR(ROUND(I47*J47,0),0) -> 10599400
C48: 4.04 | D48: 023.064 | G48: =VLOOKUP(D48,[1]Actividades!$A$8:$E$2745,2,FALSE) -> SUMINISTRO, TRANSPORTE E INSTALACION HITOS REFLECTIVOS | H48: =VLOOKUP(D48,[1]Actividades!$A$8:$E$2745,4,FALSE) -> UND | I48: =+'PPTO CD BV LA ESTRELLA'!I48 -> 516 | J48: =+ROUND('PPTO CD BV LA ESTRELLA'!J48*(1+'AIU BV LA ESTRELLA'!$J$53),0) -> 123436 | K48: =IFERROR(ROUND(I48*J48,0),0) -> 63692976
C49: 4.05 | G49: BANDA PLASTICA DE SEÑALIZACION SEGÚN NORMA CS-273 | H49: ML | I49: =+'PPTO CD BV LA ESTRELLA'!I49 -> 1974 | J49: =+ROUND('PPTO CD BV LA ESTRELLA'!J49*(1+'AIU BV LA ESTRELLA'!$J$53),0) -> 4823 | K49: =IFERROR(ROUND(I49*J49,0),0) -> 9520602
C50: 4.06 | D50: 023.048 | G50: SUMINISTRO, TRANSPORTE E INSTALACION DEMARCACION PASOS PEATONALES, LINEAS DE PARE, SIMBOLOS, TEXTOS Y OTRAS, CON PINTURA PLASTICO EN FRIO METODO LLANA | H50: M2 | I50: =+'PPTO CD BV LA ESTRELLA'!I50 -> 793 | J50: =+ROUND('PPTO CD BV LA ESTRELLA'!J50*(1+'AIU BV LA ESTRELLA'!$J$53),0) -> 98529 | K50: =IFERROR(ROUND(I50*J50,0),0) -> 78133497
C51: 4.07 | D51: 023.049 | G51: =VLOOKUP(D51,[1]Actividades!$A$8:$E$2745,2,FALSE) -> SUMINISTRO, TRANSPORTE E INSTALACION DEMARCACION LINEAS CENTRALES CON PINTURA PLÁSTICA EN FRIO APLICADA CON VEHICULO (DE BORDE, DE CARRIL Y OTRAS (Ancho 12cms) | H51: =VLOOKUP(D51,[1]Actividades!$A$8:$E$2745,4,FALSE) -> ML | I51: =+'PPTO CD BV LA ESTRELLA'!I51 -> 4366 | J51: =+ROUND('PPTO CD BV LA ESTRELLA'!J51*(1+'AIU BV LA ESTRELLA'!$J$53),0) -> 11511 | K51: =IFERROR(ROUND(I51*J51,0),0) -> 50257026
C52: 4.08 | D52: 023.058 | G52: =VLOOKUP(D52,[1]Actividades!$A$8:$E$2745,2,FALSE) -> SUMINISTRO E INSTALACIÓN DE SEÑAL VERTICAL SR o SP GRADO DIAMANTE (60cms x 60cms),CON POSTE | H52: =VLOOKUP(D52,[1]Actividades!$A$8:$E$2745,4,FALSE) -> UND | I52: =+'PPTO CD BV LA ESTRELLA'!I52 -> 114 | J52: =+ROUND('PPTO CD BV LA ESTRELLA'!J52*(1+'AIU BV LA ESTRELLA'!$J$53),0) -> 612047 | K52: =IFERROR(ROUND(I52*J52,0),0) -> 69773358
C53: 5 | G53: SIEMBRA Y ORNAMENTACIÓN | K53: =SUM(K54:K59) -> 271407970
C54: 5.01 | D54: 032.324 | G54: =VLOOKUP(D54,[1]Actividades!$A$8:$E$2745,2,FALSE) -> SUMINISTRO, TRANSPORTE E INSTALACIÓN DE CONTENEDOR DE RAICES TIPO B20 (TIPO A) (1.2X1.2X1M. INC. SUMINISTRO, CONSTRUCCIÓN, ALCOQUE Y FILTRO EN GRAVILLA. NO INCLUYE. TIERRA). INSTALACIÓN A TODO COSTO. | H54: =VLOOKUP(D54,[1]Actividades!$A$8:$E$2745,4,FALSE) -> UND | I54: =+'PPTO CD BV LA ESTRELLA'!I54 -> 186 | J54: =+ROUND('PPTO CD BV LA ESTRELLA'!J54*(1+'AIU BV LA ESTRELLA'!$J$53),0) -> 992776 | K54: =IFERROR(ROUND(I54*J54,0),0) -> 184656336
C55: 5.02 | G55: SUMINISTRO TRANSPORTE E INSTALACION DE TIERRA NEGRA PARA SIEMBRA DE ARBOLES | H55: M3 | I55: =+'PPTO CD BV LA ESTRELLA'!I55 -> 131 | J55: =+ROUND('PPTO CD BV LA ESTRELLA'!J55*(1+'AIU BV LA ESTRELLA'!$J$53),0) -> 100470 | K55: =IFERROR(ROUND(I55*J55,0),0) -> 13161570
C56: 5.03 | D56: 021.025 | F56: CALISTEMO | G56: =VLOOKUP(D56,[1]Actividades!A8:E2743,2,0) -> SUMINISTRO, TRANSPORTE E INSTALACION ARBOL DE GRAN PORTE H=1,50M | H56: =VLOOKUP(D56,[1]Actividades!A8:E2743,4,FALSE) -> UND | I56: =+'PPTO CD BV LA ESTRELLA'!I56 -> 8 | J56: =+ROUND('PPTO CD BV LA ESTRELLA'!J56*(1+'AIU BV LA ESTRELLA'!$J$53),0) -> 399946 | K56: =IFERROR(ROUND(I56*J56,0),0) -> 3199568
C57: 5.04 | D57: 021.025 | F57: NIGÚITO | G57: =VLOOKUP(D57,[1]Actividades!A9:E2744,2,0) -> SUMINISTRO, TRANSPORTE E INSTALACION ARBOL DE GRAN PORTE H=1,50M | H57: =VLOOKUP(D57,[1]Actividades!A9:E2744,4,FALSE) -> UND | I57: =+'PPTO CD BV LA ESTRELLA'!I57 -> 62 | J57: =+ROUND('PPTO CD BV LA ESTRELLA'!J57*(1+'AIU BV LA ESTRELLA'!$J$53),0) -> 399946 | K57: =IFERROR(ROUND(I57*J57,0),0) -> 24796652
C58: 5.05 | D58: 021.025 | F58: ARRAYAN MZLES | G58: =VLOOKUP(D58,[1]Actividades!A10:E2745,2,0) -> SUMINISTRO, TRANSPORTE E INSTALACION ARBOL DE GRAN PORTE H=1,50M | H58: =VLOOKUP(D58,[1]Actividades!A10:E2745,4,FALSE) -> UND | I58: =+'PPTO CD BV LA ESTRELLA'!I58 -> 78 | J58: =+ROUND('PPTO CD BV LA ESTRELLA'!J58*(1+'AIU BV LA ESTRELLA'!$J$53),0) -> 399946 | K58: =IFERROR(ROUND(I58*J58,0),0) -> 31195788
C59: 5.06 | D59: 021.025 | F59: GUAYACAN AMARILLO | G59: =VLOOKUP(D59,[1]Actividades!A11:E2746,2,0) -> SUMINISTRO, TRANSPORTE E INSTALACION ARBOL DE GRAN PORTE H=1,50M | H59: =VLOOKUP(D59,[1]Actividades!A11:E2746,4,FALSE) -> UND | I59: =+'PPTO CD BV LA ESTRELLA'!I59 -> 36 | J59: =+ROUND('PPTO CD BV LA ESTRELLA'!J59*(1+'AIU BV LA ESTRELLA'!$J$53),0) -> 399946 | K59: =IFERROR(ROUND(I59*J59,0),0) -> 14398056
C60: 6 | G60: SUBTERRANIZACION, INSTALACIONES ELECTRICAS | K60: =SUM(K61:K76) -> 1100356055
C61: 6.01 | G61: SUMINISTRO TRANSPORTE E INSTALACION DE CAMARA 80X80X80 e=0,10m CONCRETO 3000PSI | H61: UND | I61: =+'PPTO CD BV LA ESTRELLA'!I61 -> 85 | J61: =+ROUND('PPTO CD BV LA ESTRELLA'!J61*(1+'AIU BV LA ESTRELLA'!$J$53),0) -> 823854 | K61: =IFERROR(ROUND(I61*J61,0),0) -> 70027590
C62: 6.02 | G62: SUMINISTRO TRANSPORTE E INSTALACION DE CAMARA 50X50X50 e=0,10m CONCRETO 3000PSI | H62: UND | I62: =+'PPTO CD BV LA ESTRELLA'!I62 -> 106 | J62: =+ROUND('PPTO CD BV LA ESTRELLA'!J62*(1+'AIU BV LA ESTRELLA'!$J$53),0) -> 581486 | K62: =IFERROR(ROUND(I62*J62,0),0) -> 61637516
C63: 6.03 | G63: SUMINISTRO TRANSPORTE E INSTALACION DE CAMARA 40X40X40 e=0,10m CONCRETO 3000PSI | H63: UND | I63: =+'PPTO CD BV LA ESTRELLA'!I63 -> 126 | J63: =+ROUND('PPTO CD BV LA ESTRELLA'!J63*(1+'AIU BV LA ESTRELLA'!$J$53),0) -> 502394 | K63: =IFERROR(ROUND(I63*J63,0),0) -> 63301644
C64: 6.04 | D64: 08B.041A | G64: =VLOOKUP(D64,[1]Actividades!$A$15:$E$2750,2,0) -> SUMINISTRO E INSTALACION DE TUBERIA CONDUIT PVC 2" EN ZANJA | H64: =VLOOKUP(D64,[1]Actividades!A11:E2746,4,FALSE) -> ML | I64: =+'PPTO CD BV LA ESTRELLA'!I64 -> 5492 | J64: =+ROUND('PPTO CD BV LA ESTRELLA'!J64*(1+'AIU BV LA ESTRELLA'!$J$53),0) -> 19806 | K64: =IFERROR(ROUND(I64*J64,0),0) -> 108774552
C65: 6.05 | D65: 08B.042A | G65: =VLOOKUP(D65,[1]Actividades!$A$15:$E$2750,2,0) -> SUMINISTRO E INSTALACION DE TUBERIA CONDUIT PVC DB 3" EN ZANJA | H65: =VLOOKUP(D65,[1]Actividades!A12:E2747,4,FALSE) -> ML | I65: =+'PPTO CD BV LA ESTRELLA'!I65 -> 2956 | J65: =+ROUND('PPTO CD BV LA ESTRELLA'!J65*(1+'AIU BV LA ESTRELLA'!$J$53),0) -> 25999 | K65: =IFERROR(ROUND(I65*J65,0),0) -> 76853044
C66: 6.06 | D66: 08B.329 | G66: =VLOOKUP(D66,[1]Actividades!A13:E2748,2,0) -> SUMINISTRO, TRANSPORTE E INSTALACIÓN DE LUMINARIA LED SOLAR PARA ALUMBRADO PÚBLICO 100W MAS BRAZO. INCLUYE POSTE METÁLICO D = 100 MM E = 4,8 MM DE 6 METROS DE LARGO. INCLUYE PLACA BASE PARA ANCLAJE. | H66: =VLOOKUP(D66,[1]Actividades!A13:E2748,4,FALSE) -> UND | I66: =+'PPTO CD BV LA ESTRELLA'!I66 -> 95 | J66: =+ROUND('PPTO CD BV LA ESTRELLA'!J66*(1+'AIU BV LA ESTRELLA'!$J$53),0) -> 2012145 | K66: =IFERROR(ROUND(I66*J66,0),0) -> 191153775
C67: 6.07 | G67: SUMINISTRO TRANSPORTE E INSTALACION PROYECTOR PISO LED 200W IP65 20000 LUMENES | H67: UND | I67: =+'PPTO CD BV LA ESTRELLA'!I67 -> 9 | J67: =+ROUND('PPTO CD BV LA ESTRELLA'!J67*(1+'AIU BV LA ESTRELLA'!$J$53),0) -> 803760 | K67: =IFERROR(ROUND(I67*J67,0),0) -> 7233840
C68: 6.08 | D68: 26A.022 | G68: =VLOOKUP(D68,[1]Actividades!$A$15:$E$2750,2,0) -> SUMINISTRO, TRANSPORTE E INSTALACION BANCO DE DUCTO TIPO NORMA CODENSA CS 207 - Para Canalización de 2 Ø 2" Tipo DB - CRUCE CALZADA EN CONCRETO (Incluye banda plástica) | H68: =VLOOKUP(D68,[1]Actividades!A15:E2750,4,FALSE) -> ML | I68: =+'PPTO CD BV LA ESTRELLA'!I68 -> 169 | J68: =+ROUND('PPTO CD BV LA ESTRELLA'!J68*(1+'AIU BV LA ESTRELLA'!$J$53),0) -> 31333 | K68: =IFERROR(ROUND(I68*J68,0),0) -> 5295277
C69: 6.09 | D69: 003.001 | G69: =VLOOKUP(D69,[1]Actividades!A16:E2751,2,0) -> SUMINISTRO, TRANSPORTE E INSTALACION CAJA DE INSPECCION 0.30*0.30*0.40 m.(INCLUYE, LADRILLO COMÚN, MARCO EN ANGULO 1 1/2 X 1 1/2 * 1/8" Y TAPA REFORZADA EN PLATINA DE 2 * 1/8" CON PARRILLA EN VARILLA 3/8 CADA 10 CM.) | H69: =VLOOKUP(D69,[1]Actividades!A16:E2751,4,FALSE) -> UND | I69: =+'PPTO CD BV LA ESTRELLA'!I69 -> 95 | J69: =+ROUND('PPTO CD BV LA ESTRELLA'!J69*(1+'AIU BV LA ESTRELLA'!$J$53),0) -> 399141 | K69: =IFERROR(ROUND(I69*J69,0),0) -> 37918395
C70: 6.1 | G70: SUMINISTRO, TRANSPORTE E INSTALACION ACOMETIDA CABLE DE ALUMINIO AISLADO No 4 AWG SERIE 8000 THHN METRO (TRES CABLES X ML). INCLUYE EMPALME SILICONA PARA ALIMENTACIÓN DE LUMINARIAS | H70: ML | I70: =+'PPTO CD BV LA ESTRELLA'!I70 -> 2535 | J70: =+ROUND('PPTO CD BV LA ESTRELLA'!J70*(1+'AIU BV LA ESTRELLA'!$J$53),0) -> 33490 | K70: =IFERROR(ROUND(I70*J70,0),0) -> 84897150
C71: 6.11 | D71: 003.005 | G71: =VLOOKUP(D71,[1]Actividades!A18:E2753,2,0) -> SUMINISTRO, TRANSPORTE E INSTALACION CAJA DE INSPECCION 1 * 1 * 1 m. (Incluye, ladrillo común, marco en angulo 2 1/2 x 2 1/2 * 3/16" y tapa reforzada en platina de 3 * 3/16" con parrilla en varilla 3/8 cada 10 cm.). | H71: =VLOOKUP(D71,[1]Actividades!A18:E2753,4,FALSE) -> UND | I71: =+'PPTO CD BV LA ESTRELLA'!I71 -> 63 | J71: =+ROUND('PPTO CD BV LA ESTRELLA'!J71*(1+'AIU BV LA ESTRELLA'!$J$53),0) -> 1963462 | K71: =IFERROR(ROUND(I71*J71,0),0) -> 123698106
C72: 6.12 | G72: CONSTRUCCIÓN DE CAMARA DE 1,5 m X 1,5 m X 1,5 m SOBRE ANDEN TIPO CHEC INCLUYE TAPA, FILTRO EXCAVACIÓN Y TODO LO ESPECIFICADO POR CHEC. | H72: UND | I72: =+'PPTO CD BV LA ESTRELLA'!I72 -> 32 | J72: =+ROUND('PPTO CD BV LA ESTRELLA'!J72*(1+'AIU BV LA ESTRELLA'!$J$53),0) -> 5693300 | K72: =IFERROR(ROUND(I72*J72,0),0) -> 182185600
C73: 6.13 | G73: SUMINISTRO TRANSPORTE E INSTALACION DE AFLORAMIENTO PARA REDES ELECTRICAS EN TUBERIA DE 2", A 2m DE LONG. | H73: UND | I73: =+'PPTO CD BV LA ESTRELLA'!I73 -> 438 | J73: =+ROUND('PPTO CD BV LA ESTRELLA'!J73*(1+'AIU BV LA ESTRELLA'!$J$53),0) -> 93772 | K73: =IFERROR(ROUND(I73*J73,0),0) -> 41072136
C74: 6.14 | G74: SUMINISTRO TRANSPORTE E INSTALACION DE AFLORAMIENTO PARA REDES ELECTRICAS EN TUBERIA DE 4", HASTA 1 m DE LONG. | H74: UND | I74: =+'PPTO CD BV LA ESTRELLA'!I74 -> 106 | J74: =+ROUND('PPTO CD BV LA ESTRELLA'!J74*(1+'AIU BV LA ESTRELLA'!$J$53),0) -> 127262 | K74: =IFERROR(ROUND(I74*J74,0),0) -> 13489772
C75: 6.15 | G75: SUMINISTRO TRANSPORTE E INSTALACION DE TUBERIA DE 2" PARA REDES ELECTRICAS. | H75: ML | I75: =+'PPTO CD BV LA ESTRELLA'!I75 -> 27 | J75: =+ROUND('PPTO CD BV LA ESTRELLA'!J75*(1+'AIU BV LA ESTRELLA'!$J$53),0) -> 47154 | K75: =IFERROR(ROUND(I75*J75,0),0) -> 1273158
C76: 6.17 | G76: SUMINISTRO TRANSPORTE E INSTALACION DE TUBERIA DE 4" PARA REDES ELECTRICAS | H76: ML | I76: =+'PPTO CD BV LA ESTRELLA'!I76 -> 422 | J76: =+ROUND('PPTO CD BV LA ESTRELLA'!J76*(1+'AIU BV LA ESTRELLA'!$J$53),0) -> 74750 | K76: =IFERROR(ROUND(I76*J76,0),0) -> 31544500
C77: 7 | G77: AMOBLAMIENTO URBANO | K77: =SUM(K78:K82) -> 769953899
C78: 7.01 | D78: 033.122 | G78: =VLOOKUP(D78,[1]Actividades!A28:E2763,2,0) -> SUMINISTRO, TRANSPORTE E INSTALACION DE RAMPAS Y BADOS PEATONALES CONCRETO PRODUCIDO EN OBRA 3000 PSI ACABADO: ESCOBIADO | H78: =VLOOKUP(D78,[1]Actividades!A28:E2763,4,FALSE) -> M3 | I78: =+'PPTO CD BV LA ESTRELLA'!I78 -> 184 | J78: =+ROUND('PPTO CD BV LA ESTRELLA'!J78*(1+'AIU BV LA ESTRELLA'!$J$53),0) -> 1097954 | K78: =IFERROR(ROUND(I78*J78,0),0) -> 202023536
C79: 7.02 | D79: 033A.122 | G79: =VLOOKUP(D79,[1]Actividades!A29:E2764,2,0) -> SUMINISTRO, TRANSPORTE E INSTALACION DE RAMPAS Y BADOS VEHICULARES CONCRETO PRODUCIDO EN OBRA 3000 PSI ACABADO: ESCOBIADO | H79: =VLOOKUP(D79,[1]Actividades!A29:E2764,4,FALSE) -> M3 | I79: =+'PPTO CD BV LA ESTRELLA'!I79 -> 326 | J79: =+ROUND('PPTO CD BV LA ESTRELLA'!J79*(1+'AIU BV LA ESTRELLA'!$J$53),0) -> 1097954 | K79: =IFERROR(ROUND(I79*J79,0),0) -> 357933004
C80: 7.03 | G80: SUMINISTRO TRANSPORTE E INSTALACION DE BANCAS EN CONCRETO 1,8m X 0,5m X 0,5 m | H80: UND | I80: =+'PPTO CD BV LA ESTRELLA'!I80 -> 17 | J80: =+ROUND('PPTO CD BV LA ESTRELLA'!J80*(1+'AIU BV LA ESTRELLA'!$J$53),0) -> 1674500 | K80: =IFERROR(ROUND(I80*J80,0),0) -> 28466500
C81: 7.04 | D81: 021.039 | G81: =VLOOKUP(D81,[1]Actividades!A31:E2766,2,0) -> SUMINISTRO, TRANSPORTE E INSTALACION BOLARDO LISO EN HF | H81: =VLOOKUP(D81,[1]Actividades!A31:E2766,4,FALSE) -> UND | I81: =+'PPTO CD BV LA ESTRELLA'!I81 -> 131 | J81: =+ROUND('PPTO CD BV LA ESTRELLA'!J81*(1+'AIU BV LA ESTRELLA'!$J$53),0) -> 779939 | K81: =IFERROR(ROUND(I81*J81,0),0) -> 102172009
C82: 7.05 | D82: 032.322 | G82: =VLOOKUP(D82,[1]Actividades!A33:E2768,2,0) -> SUMINISTRO E INSTALACIÓN DE BASURERA PIVOTANTE EN ACERO INOXIDABLE TIPO EXTERIOR. INSTALACIÓN A TODO COSTO. | H82: =VLOOKUP(D82,[1]Actividades!A33:E2768,4,FALSE) -> UND | I82: =+'PPTO CD BV LA ESTRELLA'!I82 -> 45 | J82: =+ROUND('PPTO CD BV LA ESTRELLA'!J82*(1+'AIU BV LA ESTRELLA'!$J$53),0) -> 1763530 | K82: =IFERROR(ROUND(I82*J82,0),0) -> 79358850
C83: 8 | G83: SUMIDEROS Y ACOMETIDAS | K83: =SUM(K84:K121) -> 694646739
C84: 8.01 | G84: SUMINISTRO, TRANSPORTE E INSTALACION BARRERA CON BOMBONES PLÁSTICOS Y CINTA DE SEGURIDAD | H84: m | I84: =+'PPTO CD BV LA ESTRELLA'!I84 -> 350 | J84: =+ROUND('PPTO CD BV LA ESTRELLA'!J84*(1+'AIU BV LA ESTRELLA'!$J$53),0) -> 22649 | K84: =IFERROR(ROUND(I84*J84,0),0) -> 7927150
C85: 8.02 | G85: SUMINISTRO, TRANSPORTE E INSTALACION SEÑAL PREVENTIVA REFLECTIVA, REGLAMENTARIA E INFORMATIVA. TIPO INVIAS MINIMO 0.70 M Y ALTURA 1.66 M | H85: Un | I85: =+'PPTO CD BV LA ESTRELLA'!I85 -> 7 | J85: =+ROUND('PPTO CD BV LA ESTRELLA'!J85*(1+'AIU BV LA ESTRELLA'!$J$53),0) -> 193757 | K85: =IFERROR(ROUND(I85*J85,0),0) -> 1356299
C86: 8.03 | G86: SUMINISTRO, TRANSPORTE E INSTALACION TECHADO PROVISIONAL EN GUADUA Y PLÁSTICO (H= 2 a 6 m) | H86: m2 | I86: =+'PPTO CD BV LA ESTRELLA'!I86 -> 317 | J86: =+ROUND('PPTO CD BV LA ESTRELLA'!J86*(1+'AIU BV LA ESTRELLA'!$J$53),0) -> 32349 | K86: =IFERROR(ROUND(I86*J86,0),0) -> 10254633
C87: 8.04 | G87: SUMINISTRO, TRANSPORTE E INSTALACION CORDÓN EN LADRILLO DE ARCILLA PRENSADO PARA CONTROL DE AGUAS LLUVIAS | H87: m | I87: =+'PPTO CD BV LA ESTRELLA'!I87 -> 422 | J87: =+ROUND('PPTO CD BV LA ESTRELLA'!J87*(1+'AIU BV LA ESTRELLA'!$J$53),0) -> 15969 | K87: =IFERROR(ROUND(I87*J87,0),0) -> 6738918
C88: 8.05 | G88: SUMINISTRO, TRANSPORTE E INSTALACION BARRICADA / MALETIN PLASTICO REFLECTIVO TIPO INVIAS | H88: UN | I88: =+'PPTO CD BV LA ESTRELLA'!I88 -> 1 | J88: =+ROUND('PPTO CD BV LA ESTRELLA'!J88*(1+'AIU BV LA ESTRELLA'!$J$53),0) -> 604659 | K88: =IFERROR(ROUND(I88*J88,0),0) -> 604659
C89: 8.06 | G89: DEMOLICION DE PAVIMENTO CONCRETO HIDRAULICO CON EQUIPO MECANICO | H89: M3 | I89: =+'PPTO CD BV LA ESTRELLA'!I89 -> 46 | J89: =+ROUND('PPTO CD BV LA ESTRELLA'!J89*(1+'AIU BV LA ESTRELLA'!$J$53),0) -> 148037 | K89: =IFERROR(ROUND(I89*J89,0),0) -> 6809702
C90: 8.07 | G90: EVACUACION ESCOMBROS Y SOBRANTES EN VEHICULO AUTOMOTOR MEDIDO EN BANCO | H90: M3 | I90: =+'PPTO CD BV LA ESTRELLA'!I90 -> 342 | J90: =+ROUND('PPTO CD BV LA ESTRELLA'!J90*(1+'AIU BV LA ESTRELLA'!$J$53),0) -> 74250 | K90: =IFERROR(ROUND(I90*J90,0),0) -> 25393500
C91: 8.08 | G91: EXCAVACIÓN EN ZANJA - MATERIAL COMÚN - 0.0 A 2.0 M | H91: M3 | I91: =+'PPTO CD BV LA ESTRELLA'!I91 -> 133 | J91: =+ROUND('PPTO CD BV LA ESTRELLA'!J91*(1+'AIU BV LA ESTRELLA'!$J$53),0) -> 54980 | K91: =IFERROR(ROUND(I91*J91,0),0) -> 7312340
C92: 8.09 | G92: EXCAVACIÓN EN ZANJA - CONGLOMERADO - 0.0 A 2.0 M | H92: M3 | I92: =+'PPTO CD BV LA ESTRELLA'!I92 -> 100 | J92: =+ROUND('PPTO CD BV LA ESTRELLA'!J92*(1+'AIU BV LA ESTRELLA'!$J$53),0) -> 71054 | K92: =IFERROR(ROUND(I92*J92,0),0) -> 7105400
C93: 8.1 | G93: EXCAVACIÓN PARA ESTRUCTURAS - MATERIAL COMÚN - 0.0 A 2.0 M | H93: m3 | I93: =+'PPTO CD BV LA ESTRELLA'!I93 -> 34 | J93: =+ROUND('PPTO CD BV LA ESTRELLA'!J93*(1+'AIU BV LA ESTRELLA'!$J$53),0) -> 63426 | K93: =IFERROR(ROUND(I93*J93,0),0) -> 2156484
C94: 8.11 | G94: EXCAVACIÓN PARA ESTRUCTURAS - MATERIAL COMÚN - 2.0 A 4.0 MT | H94: m3 | I94: =+'PPTO CD BV LA ESTRELLA'!I94 -> 12 | J94: =+ROUND('PPTO CD BV LA ESTRELLA'!J94*(1+'AIU BV LA ESTRELLA'!$J$53),0) -> 78205 | K94: =IFERROR(ROUND(I94*J94,0),0) -> 938460
C95: 8.12 | G95: EXCAVACIÓN PARA ESTRUCTURAS - CONGLOMERADO - 0.0 A 2.0 M | H95: m3 | I95: =+'PPTO CD BV LA ESTRELLA'!I95 -> 69 | J95: =+ROUND('PPTO CD BV LA ESTRELLA'!J95*(1+'AIU BV LA ESTRELLA'!$J$53),0) -> 82864 | K95: =IFERROR(ROUND(I95*J95,0),0) -> 5717616
... C121: 8.38 | G121: CURSOS ESPACIOS CONFINADOS VIGIA SEGÚN RESOLUCION VIGENTE | H121: Un | I121: =+'PPTO CD BV LA ESTRELLA'!I121 -> 1 | J121: =+ROUND('PPTO CD BV LA ESTRELLA'!J121*(1+'AIU BV LA ESTRELLA'!$J$53),0) -> 503106 | K121: =IFERROR(ROUND(I121*J121,0),0) -> 503106
C122: 9 | G122: PLAN MANEJO TRANSITO | K122: =SUM(K123:K128) -> 193558904
C123: 9.01 | D123: 030.003 | G123: =+VLOOKUP(D123,[2]Actividades!$A$8:$E$2739,2,FALSE) -> REGULADOR DE TRANSITO | H123: =+VLOOKUP(D123,[2]Actividades!$A$8:$E$2739,4,FALSE) -> DIA | I123: =+'PPTO CD BV LA ESTRELLA'!I123 -> 711 | J123: =+ROUND('PPTO CD BV LA ESTRELLA'!J123*(1+'AIU BV LA ESTRELLA'!$J$53),0) -> 155462 | K123: =IFERROR(ROUND(I123*J123,0),0) -> 110533482
C124: 9.02 | D124: 030.002 | G124: =+VLOOKUP(D124,[2]Actividades!$A$8:$E$2739,2,FALSE) -> JORNAL AYUDANTE | H124: =+VLOOKUP(D124,[2]Actividades!$A$8:$E$2739,4,FALSE) -> DIA | I124: =+'PPTO CD BV LA ESTRELLA'!I124 -> 74 | J124: =+ROUND('PPTO CD BV LA ESTRELLA'!J124*(1+'AIU BV LA ESTRELLA'!$J$53),0) -> 116250 | K124: =IFERROR(ROUND(I124*J124,0),0) -> 8602500
C125: 9.03 | D125: 001.087 | G125: =+VLOOKUP(D125,[2]Actividades!$A$8:$E$2739,2,FALSE) -> AVISOS DE SEÑALIZACION TEMPORAL PARA IMPLEMENTACIÓN DE PMT | H125: =+VLOOKUP(D125,[2]Actividades!$A$8:$E$2739,4,FALSE) -> UND | I125: =+'PPTO CD BV LA ESTRELLA'!I125 -> 63 | J125: =+ROUND('PPTO CD BV LA ESTRELLA'!J125*(1+'AIU BV LA ESTRELLA'!$J$53),0) -> 316158 | K125: =IFERROR(ROUND(I125*J125,0),0) -> 19917954
C126: 9.04 | D126: 032.069 | G126: =+VLOOKUP(D126,[2]Actividades!$A$8:$E$2739,2,FALSE) -> SUMINISTRO, TRANSPORTE E INSTALACION BARRERA CON BOMBONES PLÁSTICOS Y CINTA DE SEGURIDAD | H126: =+VLOOKUP(D126,[2]Actividades!$A$8:$E$2739,4,FALSE) -> ML | I126: =+'PPTO CD BV LA ESTRELLA'!I126 -> 776 | J126: =+ROUND('PPTO CD BV LA ESTRELLA'!J126*(1+'AIU BV LA ESTRELLA'!$J$53),0) -> 13439 | K126: =IFERROR(ROUND(I126*J126,0),0) -> 10428664
C127: 9.05 | D127: 001.049 | G127: =+VLOOKUP(D127,[2]Actividades!$A$8:$E$2739,2,FALSE) -> SUMINISTRO, TRANSPORTE E INSTALACIÓN CERRAMIENTO EN YUTE H= 2 M | H127: =+VLOOKUP(D127,[2]Actividades!$A$8:$E$2739,4,FALSE) -> ML | I127: =+'PPTO CD BV LA ESTRELLA'!I127 -> 776 | J127: =+ROUND('PPTO CD BV LA ESTRELLA'!J127*(1+'AIU BV LA ESTRELLA'!$J$53),0) -> 19016 | K127: =IFERROR(ROUND(I127*J127,0),0) -> 14756416
D128: 001.058 | G128: SUMINISTRO, TRANSPORTE E INSTALACION PUENTE PEATONAL PROVISIONAL EN MADERA (ANCHO = 1.40 MT) | H128: ML | I128: =+'PPTO CD BV LA ESTRELLA'!I128 -> 494 | J128: =+ROUND('PPTO CD BV LA ESTRELLA'!J128*(1+'AIU BV LA ESTRELLA'!$J$53),0) -> 59352 | K128: =IFERROR(ROUND(I128*J128,0),0) -> 29319888
...

Sheet FORMULARIO 1
C3: Código | D3: CCE-EICP-FM-14 | E3: Versión | F3: 2
C4: FORMULARIO 1
C5: PRESUPUESTO - COSTO TOTAL
C6: [Las Entidades Estatales deben usar el presente formulario para determinar el Presupuesto Oficial del Proceso de Contratación y solo pueden modificar o ajustar aquello que en este se permite expresamente] [El presente formulario aplica para los procesos de contratación que tengan como forma de pago precios unitarios. Tratándose de otras modalidades de precio, la Entidad debe ajustarlo cuando corresponde a: precio global, llave en mano, administración delegada, reembolso de gastos o cualquier otra forma de precio.]
C8: Adicionalmente, cuando el proceso de contratación es estructurado por precios unitarios, la Entidad debe aplicar las notas 1, 2 y 3 del presente formulario y las casillas de "Descripción", "Porcentaje" de la Administración, Imprevisto, Utilidad y total A.I.U. resaltadas en color amarillo. Tratándose de otras modalidades de precio, la Entidad puede o no configurar los mismos aspectos.
C9: MEJORAMIENTO DEL ESPACIO PUBLICO MEDIANTE LA CONSTRUCCION DE BULEVARES BARRIO LA ESTRELLA DE LA CIUDAD DE MANIZALES
C10: LOCALIZADO ENTRE LA CALLE 62 Y CRA 24A Y ENTRE CALLE 58 Y CRA 23 A
C11: No. | D11: ITEM DE PAGO | E11: ESPECIFICACIONES | G11: DESCRIPCION | H11: UND. | I11: CANTIDAD | J11: VALOR UNITARIO | K11: VALOR TOTAL
C12: 1 | G12: PRELIMINARES | K12: =SUM(K13:K24) -> 0
C13: 1.01 | D13: 001.085 | G13: =VLOOKUP(D13,[1]Actividades!$A$8:$E$2745,2,FALSE) -> LOCALIZACION Y REPLANTEO DE VIAS incluye eje de via y laterales con andenes | H13: =VLOOKUP(D13,[1]Actividades!$A$8:$E$2745,4,FALSE) -> ML | I13: =+'PPTO CD BV LA ESTRELLA'!I13 -> 1674 | K13: =IFERROR(ROUND(I13*J13,0),0) -> 0
C14: 1.02 | D14: 001.001 | G14: =VLOOKUP(D14,[1]Actividades!$A$8:$E$2745,2,FALSE) -> LOCALIZACION Y REPLANTEO PLAZOLETA | H14: =VLOOKUP(D14,[1]Actividades!$A$8:$E$2745,4,FALSE) -> M2 | I14: =+'PPTO CD BV LA ESTRELLA'!I14 -> 338 | K14: =IFERROR(ROUND(I14*J14,0),0) -> 0
C15: 1.03 | D15: 029.007 | G15: =VLOOKUP(D15,[1]Actividades!$A$8:$E$2745,2,FALSE) -> DEMOLICIÓN DE ANDENES EN CONCRETO HIDRÁULICO - INCLUYE CARGUE A MANO, RETIRO Y DISPOSICIÓN EN BOTADERO | H15: =VLOOKUP(D15,[1]Actividades!$A$8:$E$2745,4,FALSE) -> M3 | I15: =+'PPTO CD BV LA ESTRELLA'!I15 -> 660 | K15: =IFERROR(ROUND(I15*J15,0),0) -> 0
C16: 1.04 | D16: 029.007A | G16: =VLOOKUP(D16,[1]Actividades!$A$8:$E$2745,2,FALSE) -> DEMOLICIÓN DE SARDINELES EN CONCRETO HIDRÁULICO - INCLUYE CARGUE A MANO, RETIRO Y DISPOSICIÓN EN BOTADERO | H16: =VLOOKUP(D16,[1]Actividades!$A$8:$E$2745,4,FALSE) -> M3 | I16: =+'PPTO CD BV LA ESTRELLA'!I16 -> 283 | K16: =IFERROR(ROUND(I16*J16,0),0) -> 0
C17: 1.05 | D17: 029.013 | G17: =VLOOKUP(D17,[1]Actividades!$A$8:$E$2745,2,FALSE) -> DEMOLICION MECANICA DE PAVIMENTO CONCRETO ASFALTICO. INCLUYE RETIRO Y DISPOSICION EN SITIO AUTORIZADO | H17: =VLOOKUP(D17,[1]Actividades!$A$8:$E$2745,4,FALSE) -> M3 | I17: =+'PPTO CD BV LA ESTRELLA'!I17 -> 417 | K17: =IFERROR(ROUND(I17*J17,0),0) -> 0
C18: 1.06 | D18: 002.001 | G18: =VLOOKUP(D18,[1]Actividades!$A$8:$E$2745,2,FALSE) -> EXCAVACIÓN EN ZANJA - MATERIAL COMÚN - 0.0 A 2.0 M | H18: =VLOOKUP(D18,[1]Actividades!$A$8:$E$2745,4,FALSE) -> M3 | I18: =+'PPTO CD BV LA ESTRELLA'!I18 -> 3321 | K18: =IFERROR(ROUND(I18*J18,0),0) -> 0
C19: 1.07 | D19: 002.016 | G19: =VLOOKUP(D19,[1]Actividades!$A$8:$E$2745,2,FALSE) -> EXCAVACIÓN A CIELO ABIERTO - MATERIAL COMÚN - 0.0 A 2.0 M | H19: =VLOOKUP(D19,[1]Actividades!$A$8:$E$2745,4,FALSE) -> M3 | I19: =+'PPTO CD BV LA ESTRELLA'!I19 -> 1196 | K19: =IFERROR(ROUND(I19*J19,0),0) -> 0
C20: 1.08 | D20: 002.039 | G20: =VLOOKUP(D20,[1]Actividades!$A$8:$E$2745,2,FALSE) -> EXCAVACION MECANICA EN MATERIAL COMUN | H20: =VLOOKUP(D20,[1]Actividades!$A$8:$E$2745,4,FALSE) -> M3 | I20: =+'PPTO CD BV LA ESTRELLA'!I20 -> 1252 | K20: =IFERROR(ROUND(I20*J20,0),0) -> 0
C21: 1.09 | D21: 002.089 | G21: =VLOOKUP(D21,[1]Actividades!$A$8:$E$2745,2,FALSE) -> RETIRO DE MATERIAL SOBRANTE EN VOLQUETA, CARGUE MANUAL, DISPOSICIÓN EN BOTADERO (HASTA 25 KM) | H21: =VLOOKUP(D21,[1]Actividades!$A$8:$E$2745,4,FALSE) -> M3-Suelto | I21: =+'PPTO CD BV LA ESTRELLA'!I21 -> 5559 | K21: =IFERROR(ROUND(I21*J21,0),0) -> 0
C22: 1.1 | G22: DESMONTE DE BANCAS METALICAS Y LISTONES DE MADERA | H22: und | I22: =+'PPTO CD BV LA ESTRELLA'!I22 -> 10 | K22: =IFERROR(ROUND(I22*J22,0),0) -> 0
C23: 1.11 | D23: 028.094 | G23: =VLOOKUP(D23,[1]Actividades!$A$8:$E$2745,2,FALSE) -> RETIRO DE SEÑALES VERTICALES ANCLADAS EN ANDEN, ZONA VERDE O ADOSADAS A POSTE EXISTENTE O PARED (INCLUYE PEDESTAL Y TABLERO) CON ENTREGA A LA SDM (INCLUYE SEÑALES SENCILLAS Y DUPLEX) | H23: =VLOOKUP(D23,[1]Actividades!$A$8:$E$2745,4,FALSE) -> UND | I23: =+'PPTO CD BV LA ESTRELLA'!I23 -> 19 | K23: =IFERROR(ROUND(I23*J23,0),0) -> 0
C24: 1.12 | D24: 021.024 | G24: =VLOOKUP(D24,[1]Actividades!$A$8:$E$2745,2,FALSE) -> SUMINISTRO, TRANSPORTE E INSTALACION EMPRADIZACIÓN CON BLOQUES DE CÉSPED | H24: =VLOOKUP(D24,[1]Actividades!$A$8:$E$2745,4,FALSE) -> M2 | I24: =+'PPTO CD BV LA ESTRELLA'!I24 -> 158 | K24: =IFERROR(ROUND(I24*J24,0),0) -> 0
C25: 2 | G25: BASES Y PAVIMENTOS | K25: =SUM(K26:K37) -> 0
C26: 2.01 | D26: 002A.022 | G26: =VLOOKUP(D26,[1]Actividades!$A$8:$E$2745,2,FALSE) -> SUSTITUCION EN ARENA LIMPIA | H26: =VLOOKUP(D26,[1]Actividades!$A$8:$E$2745,4,FALSE) -> M3 | I26: =+'PPTO CD BV LA ESTRELLA'!I26 -> 231 | K26: =IFERROR(ROUND(I26*J26,0),0) -> 0
C27: 2.02 | D27: 002.049 | G27: =VLOOKUP(D27,[1]Actividades!$A$8:$E$2745,2,FALSE) -> RELLENO EN MATERIAL SELECCIONADO PROVENIENTE DE LA EXCAVACION (APISONADO) | H27: =VLOOKUP(D27,[1]Actividades!$A$8:$E$2745,4,FALSE) -> M3 | I27: =+'PPTO CD BV LA ESTRELLA'!I27 -> 3346 | K27: =IFERROR(ROUND(I27*J27,0),0) -> 0
C28: 2.03 | D28: 004.013 | G28: =VLOOKUP(D28,[1]Actividades!$A$8:$E$2745,2,FALSE) -> SUMINISTRO, TRANSPORTE E INSTALACION AFIRMADO COMPACTADO PARA ESTRUCTURAS | H28: =VLOOKUP(D28,[1]Actividades!$A$8:$E$2745,4,FALSE) -> M3 | I28: =+'PPTO CD BV LA ESTRELLA'!I28 -> 1038 | K28: =IFERROR(ROUND(I28*J28,0),0) -> 0
C29: 2.04 | D29: 004.005 | G29: =VLOOKUP(D29,[1]Actividades!$A$8:$E$2745,2,FALSE) -> SUMINISTRO, TRANSPORTE E INSTALACION SUB BASE COMPACTADA CON RANA | H29: =VLOOKUP(D29,[1]Actividades!$A$8:$E$2745,4,FALSE) -> M3 | I29: =+'PPTO CD BV LA ESTRELLA'!I29 -> 266 | K29: =IFERROR(ROUND(I29*J29,0),0) -> 0
C30: 2.05 | D30: 033.117 | G30: =VLOOKUP(D30,[1]Actividades!$A$8:$E$2745,2,FALSE) -> SUMINISTRO, TRANSPORTE E INSTALACION PAVIMENTO EN CONCRETO PREMEZCLADO MR 42 | H30: =VLOOKUP(D30,[1]Actividades!$A$8:$E$2745,4,FALSE) -> M3 | I30: =+'PPTO CD BV LA ESTRELLA'!I30 -> 235 | K30: =IFERROR(ROUND(I30*J30,0),0) -> 0
C31: 2.06 | D31: 023.045 | G31: =VLOOKUP(D31,[1]Actividades!$A$8:$E$2745,2,FALSE) -> CANASTILLA DE SOPORTE DE DOVELAS EN HIERRO 3/8" Y 1/4" | H31: =VLOOKUP(D31,[1]Actividades!$A$8:$E$2745,4,FALSE) -> ML | I31: =+'PPTO CD BV LA ESTRELLA'!I31 -> 259 | K31: =IFERROR(ROUND(I31*J31,0),0) -> 0
C32: 2.07 | D32: 023.046 | G32: =VLOOKUP(D32,[1]Actividades!$A$8:$E$2745,2,FALSE) -> DOVELAS DE ACERO LISO 60000 PSI PARA PAVIMENTOS | H32: =VLOOKUP(D32,[1]Actividades!$A$8:$E$2745,4,FALSE) -> KG | I32: =+'PPTO CD BV LA ESTRELLA'!I32 -> 264 | K32: =IFERROR(ROUND(I32*J32,0),0) -> 0
C33: 2.08 | D33: 023.034 | G33: =VLOOKUP(D33,[1]Actividades!$A$8:$E$2745,2,FALSE) -> CORTE MECANIZADO DE PAVIMENTO A=5 mm profundidad un tercio del espesor | H33: =VLOOKUP(D33,[1]Actividades!$A$8:$E$2745,4,FALSE) -> ML | I33: =+'PPTO CD BV LA ESTRELLA'!I33 -> 1616 | K33: =IFERROR(ROUND(I33*J33,0),0) -> 0
C34: 2.09 | D34: 023.036 | G34: =VLOOKUP(D34,[1]Actividades!$A$8:$E$2745,2,FALSE) -> SUMINISTRO, TRANSPORTE E INSTALACION SELLO DE JUNTA DE PAVIMENTO RIGIDO 5mm | H34: =VLOOKUP(D34,[1]Actividades!$A$8:$E$2745,4,FALSE) -> ML | I34: =+'PPTO CD BV LA ESTRELLA'!I34 -> 6843 | K34: =IFERROR(ROUND(I34*J34,0),0) -> 0
C35: 2.1 | D35: 023.002 | G35: =VLOOKUP(D35,[1]Actividades!$A$8:$E$2745,2,FALSE) -> SUMINISTRO, TRANSPORTE E INSTALACION IMPRIMACION CON EMULSION ASFALTICA | H35: =VLOOKUP(D35,[1]Actividades!$A$8:$E$2745,4,FALSE) -> M2 | I35: =+'PPTO CD BV LA ESTRELLA'!I35 -> 7733 | K35: =IFERROR(ROUND(I35*J35,0),0) -> 0
C36: 2.11 | D36: 023.004 | G36: =VLOOKUP(D36,[1]Actividades!$A$8:$E$2745,2,FALSE) -> SUMINISTRO, TRANSPORTE E INSTALACION MEZCLA ASFALTICA TIPO MDC-19. Extendido mecánico y compactado | H36: =VLOOKUP(D36,[1]Actividades!$A$8:$E$2745,4,FALSE) -> M3 | I36: =+'PPTO CD BV LA ESTRELLA'!I36 -> 642 | K36: =IFERROR(ROUND(I36*J36,0),0) -> 0
C37: 2.12 | D37: 023.067 | G37: =VLOOKUP(D37,[1]Actividades!$A$8:$E$2745,2,FALSE) -> SUMINISTRO, TRANSPORTE E INSTALACIÓN DE GEOMALLA BIAXIAL DE RESISTENCIA A LA CARGA CÍCLICA DE 800 KN/M INSTALADA EN LA MITAD DE LA CARPETA ASFALTICA | H37: =VLOOKUP(D37,[1]Actividades!$A$8:$E$2745,4,FALSE) -> M2 | I37: =+'PPTO CD BV LA ESTRELLA'!I37 -> 7308 | K37: =IFERROR(ROUND(I37*J37,0),0) -> 0
C38: 3 | G38: ANDENES Y SARDINELES | K38: =SUM(K39:K43) -> 0
C39: 3.01 | D39: 021.088 | G39: =VLOOKUP(D39,[1]Actividades!$A$8:$E$2745,2,FALSE) -> CONSTRUCCION DE SARDINEL PARA CONFORMACION DE ANDENES H= HASTA 25 CM CHAFLANADO ENTRE A=10 CM Y 15 CM, INCLUYE REF LONG 2 VARILLAS DE 3/8", FLEJES TRANSVERSALES DE 1/4" CADA 15 CM ANCLADOS A PAVIMENTO (INCLUYE ANCLAJES EPOXICOS) | H39: =VLOOKUP(D39,[1]Actividades!$A$8:$E$2745,4,FALSE) -> ML | I39: =+'PPTO CD BV LA ESTRELLA'!I39 -> 3852 | K39: =IFERROR(ROUND(I39*J39,0),0) -> 0
C40: 3.02 | G40: SUMINISTRO, TRANSPORTE E INSTALACION ANDEN CONCRETO 3000 PSI E= 0.08M. ACABADO: ESCOBIADO o PALETEADO, DILATADO SEGÚN DISEÑO | H40: M2 | I40: =+'PPTO CD BV LA ESTRELLA'!I40 -> 9927 | K40: =IFERROR(ROUND(I40*J40,0),0) -> 0
C41: 3.03 | D41: 021A.051 | F41: Guía | G41: =VLOOKUP(D41,[1]Actividades!$A$8:$E$2745,2,FALSE) -> SUMINISTRO, TRANSPORTE E INSTALACION LOSETA 20x20cm TACTIL / GUIA-ALERTA PREFABRICADA EN CONCRETO GRIS O COLOR. | H41: =VLOOKUP(D41,[1]Actividades!$A$8:$E$2745,4,FALSE) -> ML | I41: =+'PPTO CD BV LA ESTRELLA'!I41 -> 3324 | K41: =IFERROR(ROUND(I41*J41,0),0) -> 0
C42: 3.04 | D42: 021A.051 | F42: Alerta | G42: =VLOOKUP(D42,[1]Actividades!$A$8:$E$2745,2,FALSE) -> SUMINISTRO, TRANSPORTE E INSTALACION LOSETA 20x20cm TACTIL / GUIA-ALERTA PREFABRICADA EN CONCRETO GRIS O COLOR. | H42: =VLOOKUP(D42,[1]Actividades!$A$8:$E$2745,4,FALSE) -> ML | I42: =+'PPTO CD BV LA ESTRELLA'!I42 -> 414 | K42: =IFERROR(ROUND(I42*J42,0),0) -> 0
D43: 033.122 | E43: 0 | F43: 0 | G43: SUMINISTRO, TRANSPORTE E INSTALACION DE RAMPAS Y BADOS PEATONALES CONCRETO PRODUCIDO EN OBRA 3000 PSI ACABADO: ESCOBIADO | H43: M3 | I43: =+'PPTO CD BV LA ESTRELLA'!I43 -> 63 | K43: =IFERROR(ROUND(I43*J43,0),0) -> 0
C44: 4 | G44: CICLOBANDA, DEMARCACION Y SEÑALIZACION | K44: =SUM(K45:K52) -> 0
C45: 4.01 | D45: 012.083 | G45: =VLOOKUP(D45,[1]Actividades!$A$8:$E$2745,2,FALSE) -> SUMINISTRO, TRANSPORTE E INSTALACIÓN DE RECUBRIMIENTO ACRÍLICO SINTÉTICO ACRYTECH STEGASS SOBRE PLACAS DE CONCRETO. Incluye una capa de acrilyc resurfer con arena de cuarzo, una capa de acrytech color con arena de cuarzo y una capa de acrytech color sin arena de cuarzo. Incluye demarcación de lineas perimetrales, centrales y demás). | H45: =VLOOKUP(D45,[1]Actividades!$A$8:$E$2745,4,FALSE) -> M2 | I45: =+'PPTO CD BV LA ESTRELLA'!I45 -> 825 | K45: =IFERROR(ROUND(I45*J45,0),0) -> 0
C46: 4.02 | D46: 023.062 | G46: =VLOOKUP(D46,[1]Actividades!$A$8:$E$2745,2,FALSE) -> SUMINISTRO, TRANSPORTE E INSTALACION TACHONES 40x15x8cm | H46: =VLOOKUP(D46,[1]Actividades!$A$8:$E$2745,4,FALSE) -> UND | I46: =+'PPTO CD BV LA ESTRELLA'!I46 -> 1802 | K46: =IFERROR(ROUND(I46*J46,0),0) -> 0
C47: 4.03 | D47: 023.061 | G47: =VLOOKUP(D47,[1]Actividades!$A$8:$E$2745,2,FALSE) -> SUMINISTRO, TRANSPORTE E INSTALACION TACHAS REFLECTIVAS. | H47: =VLOOKUP(D47,[1]Actividades!$A$8:$E$2745,4,FALSE) -> UND | I47: =+'PPTO CD BV LA ESTRELLA'!I47 -> 565 | K47: =IFERROR(ROUND(I47*J47,0),0) -> 0
C48: 4.04 | D48: 023.064 | G48: =VLOOKUP(D48,[1]Actividades!$A$8:$E$2745,2,FALSE) -> SUMINISTRO, TRANSPORTE E INSTALACION HITOS REFLECTIVOS | H48: =VLOOKUP(D48,[1]Actividades!$A$8:$E$2745,4,FALSE) -> UND | I48: =+'PPTO CD BV LA ESTRELLA'!I48 -> 516 | K48: =IFERROR(ROUND(I48*J48,0),0) -> 0
C49: 4.05 | G49: BANDA PLASTICA DE SEÑALIZACION SEGÚN NORMA CS-273 | H49: ML | I49: =+'PPTO CD BV LA ESTRELLA'!I49 -> 1974 | K49: =IFERROR(ROUND(I49*J49,0),0) -> 0
C50: 4.06 | D50: 023.048 | G50: SUMINISTRO, TRANSPORTE E INSTALACION DEMARCACION PASOS PEATONALES, LINEAS DE PARE, SIMBOLOS, TEXTOS Y OTRAS, CON PINTURA PLASTICO EN FRIO METODO LLANA | H50: M2 | I50: =+'PPTO CD BV LA ESTRELLA'!I50 -> 793 | K50: =IFERROR(ROUND(I50*J50,0),0) -> 0
C51: 4.07 | D51: 023.049 | G51: =VLOOKUP(D51,[1]Actividades!$A$8:$E$2745,2,FALSE) -> SUMINISTRO, TRANSPORTE E INSTALACION DEMARCACION LINEAS CENTRALES CON PINTURA PLÁSTICA EN FRIO APLICADA CON VEHICULO (DE BORDE, DE CARRIL Y OTRAS (Ancho 12cms) | H51: =VLOOKUP(D51,[1]Actividades!$A$8:$E$2745,4,FALSE) -> ML | I51: =+'PPTO CD BV LA ESTRELLA'!I51 -> 4366 | K51: =IFERROR(ROUND(I51*J51,0),0) -> 0
C52: 4.08 | D52: 023.058 | G52: =VLOOKUP(D52,[1]Actividades!$A$8:$E$2745,2,FALSE) -> SUMINISTRO E INSTALACIÓN DE SEÑAL VERTICAL SR o SP GRADO DIAMANTE (60cms x 60cms),CON POSTE | H52: =VLOOKUP(D52,[1]Actividades!$A$8:$E$2745,4,FALSE) -> UND | I52: =+'PPTO CD BV LA ESTRELLA'!I52 -> 114 | K52: =IFERROR(ROUND(I52*J52,0),0) -> 0
C53: 5 | G53: SIEMBRA Y ORNAMENTACIÓN | K53: =SUM(K54:K59) -> 0
C54: 5.01 | D54: 032.324 | G54: =VLOOKUP(D54,[1]Actividades!$A$8:$E$2745,2,FALSE) -> SUMINISTRO, TRANSPORTE E INSTALACIÓN DE CONTENEDOR DE RAICES TIPO B20 (TIPO A) (1.2X1.2X1M. INC. SUMINISTRO, CONSTRUCCIÓN, ALCOQUE Y FILTRO EN GRAVILLA. NO INCLUYE. TIERRA). INSTALACIÓN A TODO COSTO. | H54: =VLOOKUP(D54,[1]Actividades!$A$8:$E$2745,4,FALSE) -> UND | I54: =+'PPTO CD BV LA ESTRELLA'!I54 -> 186 | K54: =IFERROR(ROUND(I54*J54,0),0) -> 0
C55: 5.02 | G55: SUMINISTRO TRANSPORTE E INSTALACION DE TIERRA NEGRA PARA SIEMBRA DE ARBOLES | H55: M3 | I55: =+'PPTO CD BV LA ESTRELLA'!I55 -> 131 | K55: =IFERROR(ROUND(I55*J55,0),0) -> 0
C56: 5.03 | D56: 021.025 | F56: CALISTEMO | G56: =VLOOKUP(D56,[1]Actividades!A8:E2743,2,0) -> SUMINISTRO, TRANSPORTE E INSTALACION ARBOL DE GRAN PORTE H=1,50M | H56: =VLOOKUP(D56,[1]Actividades!A8:E2743,4,FALSE) -> UND | I56: =+'PPTO CD BV LA ESTRELLA'!I56 -> 8 | K56: =IFERROR(ROUND(I56*J56,0),0) -> 0
C57: 5.04 | D57: 021.025 | F57: NIGÚITO | G57: =VLOOKUP(D57,[1]Actividades!A9:E2744,2,0) -> SUMINISTRO, TRANSPORTE E INSTALACION ARBOL DE GRAN PORTE H=1,50M | H57: =VLOOKUP(D57,[1]Actividades!A9:E2744,4,FALSE) -> UND | I57: =+'PPTO CD BV LA ESTRELLA'!I57 -> 62 | K57: =IFERROR(ROUND(I57*J57,0),0) -> 0
C58: 5.05 | D58: 021.025 | F58: ARRAYAN MZLES | G58: =VLOOKUP(D58,[1]Actividades!A10:E2745,2,0) -> SUMINISTRO, TRANSPORTE E INSTALACION ARBOL DE GRAN PORTE H=1,50M | H58: =VLOOKUP(D58,[1]Actividades!A10:E2745,4,FALSE) -> UND | I58: =+'PPTO CD BV LA ESTRELLA'!I58 -> 78 | K58: =IFERROR(ROUND(I58*J58,0),0) -> 0
C59: 5.06 | D59: 021.025 | F59: GUAYACAN AMARILLO | G59: =VLOOKUP(D59,[1]Actividades!A11:E2746,2,0) -> SUMINISTRO, TRANSPORTE E INSTALACION ARBOL DE GRAN PORTE H=1,50M | H59: =VLOOKUP(D59,[1]Actividades!A11:E2746,4,FALSE) -> UND | I59: =+'PPTO CD BV LA ESTRELLA'!I59 -> 36 | K59: =IFERROR(ROUND(I59*J59,0),0) -> 0
C60: 6 | G60: SUBTERRANIZACION, INSTALACIONES ELECTRICAS | K60: =SUM(K61:K76) -> 0
C61: 6.01 | G61: SUMINISTRO TRANSPORTE E INSTALACION DE CAMARA 80X80X80 e=0,10m CONCRETO 3000PSI | H61: UND | I61: =+'PPTO CD BV LA ESTRELLA'!I61 -> 85 | K61: =IFERROR(ROUND(I61*J61,0),0) -> 0
C62: 6.02 | G62: SUMINISTRO TRANSPORTE E INSTALACION DE CAMARA 50X50X50 e=0,10m CONCRETO 3000PSI | H62: UND | I62: =+'PPTO CD BV LA ESTRELLA'!I62 -> 106 | K62: =IFERROR(ROUND(I62*J62,0),0) -> 0
C63: 6.03 | G63: SUMINISTRO TRANSPORTE E INSTALACION DE CAMARA 40X40X40 e=0,10m CONCRETO 3000PSI | H63: UND | I63: =+'PPTO CD BV LA ESTRELLA'!I63 -> 126 | K63: =IFERROR(ROUND(I63*J63,0),0) -> 0
C64: 6.04 | D64: 08B.041A | G64: =VLOOKUP(D64,[1]Actividades!$A$15:$E$2750,2,0) -> SUMINISTRO E INSTALACION DE TUBERIA CONDUIT PVC 2" EN ZANJA | H64: =VLOOKUP(D64,[1]Actividades!A11:E2746,4,FALSE) -> ML | I64: =+'PPTO CD BV LA ESTRELLA'!I64 -> 5492 | K64: =IFERROR(ROUND(I64*J64,0),0) -> 0
C65: 6.05 | D65: 08B.042A | G65: =VLOOKUP(D65,[1]Actividades!$A$15:$E$2750,2,0) -> SUMINISTRO E INSTALACION DE TUBERIA CONDUIT PVC DB 3" EN ZANJA | H65: =VLOOKUP(D65,[1]Actividades!A12:E2747,4,FALSE) -> ML | I65: =+'PPTO CD BV LA ESTRELLA'!I65 -> 2956 | K65: =IFERROR(ROUND(I65*J65,0),0) -> 0
C66: 6.06 | D66: 08B.329 | G66: =VLOOKUP(D66,[1]Actividades!A13:E2748,2,0) -> SUMINISTRO, TRANSPORTE E INSTALACIÓN DE LUMINARIA LED SOLAR PARA ALUMBRADO PÚBLICO 100W MAS BRAZO. INCLUYE POSTE METÁLICO D = 100 MM E = 4,8 MM DE 6 METROS DE LARGO. INCLUYE PLACA BASE PARA ANCLAJE. | H66: =VLOOKUP(D66,[1]Actividades!A13:E2748,4,FALSE) -> UND | I66: =+'PPTO CD BV LA ESTRELLA'!I66 -> 95 | K66: =IFERROR(ROUND(I66*J66,0),0) -> 0
C67: 6.07 | G67: SUMINISTRO TRANSPORTE E INSTALACION PROYECTOR PISO LED 200W IP65 20000 LUMENES | H67: UND | I67: =+'PPTO CD BV LA ESTRELLA'!I67 -> 9 | K67: =IFERROR(ROUND(I67*J67,0),0) -> 0
C68: 6.08 | D68: 26A.022 | G68: =VLOOKUP(D68,[1]Actividades!$A$15:$E$2750,2,0) -> SUMINISTRO, TRANSPORTE E INSTALACION BANCO DE DUCTO TIPO NORMA CODENSA CS 207 - Para Canalización de 2 Ø 2" Tipo DB - CRUCE CALZADA EN CONCRETO (Incluye banda plástica) | H68: =VLOOKUP(D68,[1]Actividades!A15:E2750,4,FALSE) -> ML | I68: =+'PPTO CD BV LA ESTRELLA'!I68 -> 169 | K68: =IFERROR(ROUND(I68*J68,0),0) -> 0
C69: 6.09 | D69: 003.001 | G69: =VLOOKUP(D69,[1]Actividades!A16:E2751,2,0) -> SUMINISTRO, TRANSPORTE E INSTALACION CAJA DE INSPECCION 0.30*0.30*0.40 m.(INCLUYE, LADRILLO COMÚN, MARCO EN ANGULO 1 1/2 X 1 1/2 * 1/8" Y TAPA REFORZADA EN PLATINA DE 2 * 1/8" CON PARRILLA EN VARILLA 3/8 CADA 10 CM.) | H69: =VLOOKUP(D69,[1]Actividades!A16:E2751,4,FALSE) -> UND | I69: =+'PPTO CD BV LA ESTRELLA'!I69 -> 95 | K69: =IFERROR(ROUND(I69*J69,0),0) -> 0
C70: 6.1 | G70: SUMINISTRO, TRANSPORTE E INSTALACION ACOMETIDA CABLE DE ALUMINIO AISLADO No 4 AWG SERIE 8000 THHN METRO (TRES CABLES X ML). INCLUYE EMPALME SILICONA PARA ALIMENTACIÓN DE LUMINARIAS | H70: ML | I70: =+'PPTO CD BV LA ESTRELLA'!I70 -> 2535 | K70: =IFERROR(ROUND(I70*J70,0),0) -> 0
C71: 6.11 | D71: 003.005 | G71: =VLOOKUP(D71,[1]Actividades!A18:E2753,2,0) -> SUMINISTRO, TRANSPORTE E INSTALACION CAJA DE INSPECCION 1 * 1 * 1 m. (Incluye, ladrillo común, marco en angulo 2 1/2 x 2 1/2 * 3/16" y tapa reforzada en platina de 3 * 3/16" con parrilla en varilla 3/8 cada 10 cm.). | H71: =VLOOKUP(D71,[1]Actividades!A18:E2753,4,FALSE) -> UND | I71: =+'PPTO CD BV LA ESTRELLA'!I71 -> 63 | K71: =IFERROR(ROUND(I71*J71,0),0) -> 0
C72: 6.12 | G72: CONSTRUCCIÓN DE CAMARA DE 1,5 m X 1,5 m X 1,5 m SOBRE ANDEN TIPO CHEC INCLUYE TAPA, FILTRO EXCAVACIÓN Y TODO LO ESPECIFICADO POR CHEC. | H72: UND | I72: =+'PPTO CD BV LA ESTRELLA'!I72 -> 32 | K72: =IFERROR(ROUND(I72*J72,0),0) -> 0
C73: 6.13 | G73: SUMINISTRO TRANSPORTE E INSTALACION DE AFLORAMIENTO PARA REDES ELECTRICAS EN TUBERIA DE 2", A 2m DE LONG. | H73: UND | I73: =+'PPTO CD BV LA ESTRELLA'!I73 -> 438 | K73: =IFERROR(ROUND(I73*J73,0),0) -> 0
C74: 6.14 | G74: SUMINISTRO TRANSPORTE E INSTALACION DE AFLORAMIENTO PARA REDES ELECTRICAS EN TUBERIA DE 4", HASTA 1 m DE LONG. | H74: UND | I74: =+'PPTO CD BV LA ESTRELLA'!I74 -> 106 | K74: =IFERROR(ROUND(I74*J74,0),0) -> 0
C75: 6.15 | G75: SUMINISTRO TRANSPORTE E INSTALACION DE TUBERIA DE 2" PARA REDES ELECTRICAS. | H75: ML | I75: =+'PPTO CD BV LA ESTRELLA'!I75 -> 27 | K75: =IFERROR(ROUND(I75*J75,0),0) -> 0
C76: 6.17 | G76: SUMINISTRO TRANSPORTE E INSTALACION DE TUBERIA DE 4" PARA REDES ELECTRICAS | H76: ML | I76: =+'PPTO CD BV LA ESTRELLA'!I76 -> 422 | K76: =IFERROR(ROUND(I76*J76,0),0) -> 0
C77: 7 | G77: AMOBLAMIENTO URBANO | K77: =SUM(K78:K82) -> 0
C78: 7.01 | D78: 033.122 | G78: =VLOOKUP(D78,[1]Actividades!A28:E2763,2,0) -> SUMINISTRO, TRANSPORTE E INSTALACION DE RAMPAS Y BADOS PEATONALES CONCRETO PRODUCIDO EN OBRA 3000 PSI ACABADO: ESCOBIADO | H78: =VLOOKUP(D78,[1]Actividades!A28:E2763,4,FALSE) -> M3 | I78: =+'PPTO CD BV LA ESTRELLA'!I78 -> 184 | K78: =IFERROR(ROUND(I78*J78,0),0) -> 0
C79: 7.02 | D79: 033A.122 | G79: =VLOOKUP(D79,[1]Actividades!A29:E2764,2,0) -> SUMINISTRO, TRANSPORTE E INSTALACION DE RAMPAS Y BADOS VEHICULARES CONCRETO PRODUCIDO EN OBRA 3000 PSI ACABADO: ESCOBIADO | H79: =VLOOKUP(D79,[1]Actividades!A29:E2764,4,FALSE) -> M3 | I79: =+'PPTO CD BV LA ESTRELLA'!I79 -> 326 | K79: =IFERROR(ROUND(I79*J79,0),0) -> 0
C80: 7.03 | G80: SUMINISTRO TRANSPORTE E INSTALACION DE BANCAS EN CONCRETO 1,8m X 0,5m X 0,5 m | H80: UND | I80: =+'PPTO CD BV LA ESTRELLA'!I80 -> 17 | K80: =IFERROR(ROUND(I80*J80,0),0) -> 0
C81: 7.04 | D81: 021.039 | G81: =VLOOKUP(D81,[1]Actividades!A31:E2766,2,0) -> SUMINISTRO, TRANSPORTE E INSTALACION BOLARDO LISO EN HF | H81: =VLOOKUP(D81,[1]Actividades!A31:E2766,4,FALSE) -> UND | I81: =+'PPTO CD BV LA ESTRELLA'!I81 -> 131 | K81: =IFERROR(ROUND(I81*J81,0),0) -> 0
C82: 7.05 | D82: 032.322 | G82: =VLOOKUP(D82,[1]Actividades!A33:E2768,2,0) -> SUMINISTRO E INSTALACIÓN DE BASURERA PIVOTANTE EN ACERO INOXIDABLE TIPO EXTERIOR. INSTALACIÓN A TODO COSTO. | H82: =VLOOKUP(D82,[1]Actividades!A33:E2768,4,FALSE) -> UND | I82: =+'PPTO CD BV LA ESTRELLA'!I82 -> 45 | K82: =IFERROR(ROUND(I82*J82,0),0) -> 0
C83: 8 | G83: SUMIDEROS Y ACOMETIDAS | K83: =SUM(K84:K121) -> 0
C84: 8.01 | G84: SUMINISTRO, TRANSPORTE E INSTALACION BARRERA CON BOMBONES PLÁSTICOS Y CINTA DE SEGURIDAD | H84: m | I84: =+'PPTO CD BV LA ESTRELLA'!I84 -> 350 | K84: =IFERROR(ROUND(I84*J84,0),0) -> 0
C85: 8.02 | G85: SUMINISTRO, TRANSPORTE E INSTALACION SEÑAL PREVENTIVA REFLECTIVA, REGLAMENTARIA E INFORMATIVA. TIPO INVIAS MINIMO 0.70 M Y ALTURA 1.66 M | H85: Un | I85: =+'PPTO CD BV LA ESTRELLA'!I85 -> 7 | K85: =IFERROR(ROUND(I85*J85,0),0) -> 0
C86: 8.03 | G86: SUMINISTRO, TRANSPORTE E INSTALACION TECHADO PROVISIONAL EN GUADUA Y PLÁSTICO (H= 2 a 6 m) | H86: m2 | I86: =+'PPTO CD BV LA ESTRELLA'!I86 -> 317 | K86: =IFERROR(ROUND(I86*J86,0),0) -> 0
C87: 8.04 | G87: SUMINISTRO, TRANSPORTE E INSTALACION CORDÓN EN LADRILLO DE ARCILLA PRENSADO PARA CONTROL DE AGUAS LLUVIAS | H87: m | I87: =+'PPTO CD BV LA ESTRELLA'!I87 -> 422 | K87: =IFERROR(ROUND(I87*J87,0),0) -> 0
C88: 8.05 | G88: SUMINISTRO, TRANSPORTE E INSTALACION BARRICADA / MALETIN PLASTICO REFLECTIVO TIPO INVIAS | H88: UN | I88: =+'PPTO CD BV LA ESTRELLA'!I88 -> 1 | K88: =IFERROR(ROUND(I88*J88,0),0) -> 0
C89: 8.06 | G89: DEMOLICION DE PAVIMENTO CONCRETO HIDRAULICO CON EQUIPO MECANICO | H89: M3 | I89: =+'PPTO CD BV LA ESTRELLA'!I89 -> 46 | K89: =IFERROR(ROUND(I89*J89,0),0) -> 0
C90: 8.07 | G90: EVACUACION ESCOMBROS Y SOBRANTES EN VEHICULO AUTOMOTOR MEDIDO EN BANCO | H90: M3 | I90: =+'PPTO CD BV LA ESTRELLA'!I90 -> 342 | K90: =IFERROR(ROUND(I90*J90,0),0) -> 0
C91: 8.08 | G91: EXCAVACIÓN EN ZANJA - MATERIAL COMÚN - 0.0 A 2.0 M | H91: M3 | I91: =+'PPTO CD BV LA ESTRELLA'!I91 -> 133 | K91: =IFERROR(ROUND(I91*J91,0),0) -> 0
C92: 8.09 | G92: EXCAVACIÓN EN ZANJA - CONGLOMERADO - 0.0 A 2.0 M | H92: M3 | I92: =+'PPTO CD BV LA ESTRELLA'!I92 -> 100 | K92: =IFERROR(ROUND(I92*J92,0),0) -> 0
C93: 8.1 | G93: EXCAVACIÓN PARA ESTRUCTURAS - MATERIAL COMÚN - 0.0 A 2.0 M | H93: m3 | I93: =+'PPTO CD BV LA ESTRELLA'!I93 -> 34 | K93: =IFERROR(ROUND(I93*J93,0),0) -> 0
C94: 8.11 | G94: EXCAVACIÓN PARA ESTRUCTURAS - MATERIAL COMÚN - 2.0 A 4.0 MT | H94: m3 | I94: =+'PPTO CD BV LA ESTRELLA'!I94 -> 12 | K94: =IFERROR(ROUND(I94*J94,0),0) -> 0
C95: 8.12 | G95: EXCAVACIÓN PARA ESTRUCTURAS - CONGLOMERADO - 0.0 A 2.0 M | H95: m3 | I95: =+'PPTO CD BV LA ESTRELLA'!I95 -> 69 | K95: =IFERROR(ROUND(I95*J95,0),0) -> 0
... C121: 8.38 | G121: CURSOS ESPACIOS CONFINADOS VIGIA SEGÚN RESOLUCION VIGENTE | H121: Un | I121: =+'PPTO CD BV LA ESTRELLA'!I121 -> 1 | K121: =IFERROR(ROUND(I121*J121,0),0) -> 0
C122: 9 | G122: PLAN MANEJO TRANSITO | K122: =SUM(K123:K128) -> 0
C123: 9.01 | D123: 030.003 | G123: =+VLOOKUP(D123,[2]Actividades!$A$8:$E$2739,2,FALSE) -> REGULADOR DE TRANSITO | H123: =+VLOOKUP(D123,[2]Actividades!$A$8:$E$2739,4,FALSE) -> DIA | I123: =+'PPTO CD BV LA ESTRELLA'!I123 -> 711 | K123: =IFERROR(ROUND(I123*J123,0),0) -> 0
C124: 9.02 | D124: 030.002 | G124: =+VLOOKUP(D124,[2]Actividades!$A$8:$E$2739,2,FALSE) -> JORNAL AYUDANTE | H124: =+VLOOKUP(D124,[2]Actividades!$A$8:$E$2739,4,FALSE) -> DIA | I124: =+'PPTO CD BV LA ESTRELLA'!I124 -> 74 | K124: =IFERROR(ROUND(I124*J124,0),0) -> 0
C125: 9.03 | D125: 001.087 | G125: =+VLOOKUP(D125,[2]Actividades!$A$8:$E$2739,2,FALSE) -> AVISOS DE SEÑALIZACION TEMPORAL PARA IMPLEMENTACIÓN DE PMT | H125: =+VLOOKUP(D125,[2]Actividades!$A$8:$E$2739,4,FALSE) -> UND | I125: =+'PPTO CD BV LA ESTRELLA'!I125 -> 63 | K125: =IFERROR(ROUND(I125*J125,0),0) -> 0
C126: 9.04 | D126: 032.069 | G126: =+VLOOKUP(D126,[2]Actividades!$A$8:$E$2739,2,FALSE) -> SUMINISTRO, TRANSPORTE E INSTALACION BARRERA CON BOMBONES PLÁSTICOS Y CINTA DE SEGURIDAD | H126: =+VLOOKUP(D126,[2]Actividades!$A$8:$E$2739,4,FALSE) -> ML | I126: =+'PPTO CD BV LA ESTRELLA'!I126 -> 776 | K126: =IFERROR(ROUND(I126*J126,0),0) -> 0
C127: 9.05 | D127: 001.049 | G127: =+VLOOKUP(D127,[2]Actividades!$A$8:$E$2739,2,FALSE) -> SUMINISTRO, TRANSPORTE E INSTALACIÓN CERRAMIENTO EN YUTE H= 2 M | H127: =+VLOOKUP(D127,[2]Actividades!$A$8:$E$2739,4,FALSE) -> ML | I127: =+'PPTO CD BV LA ESTRELLA'!I127 -> 776 | K127: =IFERROR(ROUND(I127*J127,0),0) -> 0
D128: 001.058 | G128: SUMINISTRO, TRANSPORTE E INSTALACION PUENTE PEATONAL PROVISIONAL EN MADERA (ANCHO = 1.40 MT) | H128: ML | I128: =+'PPTO CD BV LA ESTRELLA'!I128 -> 494 | K128: =IFERROR(ROUND(I128*J128,0),0) -> 0
...
